Workbook
Name MANO: [1]MANO!$A$3:$C$26

Sheet PRESUPUESTO
A2: BENEMÉRITO CUERPO DE BOMBEROS DEL CANTÓN PAJÁN
A3: CRNL. ROBERTO PEÑAFIEL RODRÍGUEZ
A4: Fundado el 30 de Marzo de 1953 Ratificado Acuerdo Ministerial 1009
A5: ABNEGACIÓN Y DISCIPLINA
A6: PROVINCIA DE MANABÍ- ECUADOR
A7: PRESUPUESTO REFERENCIAL
A8: PROYECTO: | B8: =+FORMATO!C9 -> MANTENIMIENTO INTEGRAL DE LA COMPAÑIA DE CUERPO DE BOMBERO CASCOL PERTENECIENTE AL CANTON PAJAN
A9: ELABORACIÓN:
A10: UBICACIÓN: | B10: =+FORMATO!C10 -> CANTON PAJAN
C11: FECHA: | D11: =+FORMATO!C8 -> PAJAN, AGOSTO DE 2025
A12: ITEM | B12: DESCRIPCION | C12: UNIDAD | D12: CANTIDAD | E12: PRECIO UNITARIO | F12: PRECIO TOTAL
A13: A | B13: COMPAÑÍA DE BOMBERO DE CASCOL
A14: 1 | B14: DEMOLICION DE ESCTRUCTURAS DE HORMIGON | C14: M2 | D14: =+CANTIDADES!F19 -> 14.1 | E14: =+' ANALISIS '!H55 -> 4.1 | F14: =+D14*E14 -> 57.81
A15: =A14+1 -> 2 | B15: HORMIGÓN SIMPLE PARA CONTRAPISO DE ESP. = 5 CM F´C = 210 KG/CM3 | C15: M2 | D15: =+CANTIDADES!F37 -> 48.69 | E15: =+' ANALISIS '!H113 -> 18 | F15: =+D15*E15 -> 876.42
A16: =+A15+1 -> 3 | B16: REMOCION DE CERAMICA EXISTENTE EN PISOS Y PAREDES | C16: U | D16: =+CANTIDADES!F49 -> 1 | E16: =+' ANALISIS '!H173 -> 300 | F16: =+D16*E16 -> 300
A17: =+A16+1 -> 4 | B17: ENLUCIDO EXTERIOR .E= 2,0 CM | C17: M2 | D17: =+CANTIDADES!F61 -> 64 | E17: =+' ANALISIS '!H233 -> 11.75 | F17: =+D17*E17 -> 752
A18: =+A17+1 -> 5 | B18: DESINTALACION DE PANEL DE BREAKER Y RED DE INSTALACION ELECTRICA EXISTENTE | C18: U | D18: 1 | E18: =+' ANALISIS '!H293 -> 90 | F18: =+D18*E18 -> 90
A19: =+A18+1 -> 6 | B19: SUMINISTRO E INSTALACION DE PANEL DE BREACKER | C19: U | D19: 1 | E19: =+' ANALISIS '!H351 -> 400 | F19: =+D19*E19 -> 400
A20: =+A19+1 -> 7 | B20: IMPERMEABILIZADA Y ELIMINACION DE SALITRE EN MAMPOSTERIA | C20: M2 | D20: =+CANTIDADES!F99 -> 92.61 | E20: =+' ANALISIS '!H412 -> 9 | F20: =+D20*E20 -> 833.49
A21: =+A20+1 -> 8 | B21: PINTURA ESMALTE EXTERIOR (LIJADO, EMPASTE, SELLADOR Y DOS MANOS DE PINTURA) | C21: M2 | D21: =+CANTIDADES!F119 -> 183.55 | E21: =+' ANALISIS '!H472 -> 7.4 | F21: =+D21*E21 -> 1358.27
A22: =+A21+1 -> 9 | B22: PINTURA ESMALTE INTERIOR (LIJADO, EMPASTE, SELLADOR Y DOS MANOS DE PINTURA) | C22: M2 | D22: =+CANTIDADES!F147 -> 151.55 | E22: =+' ANALISIS '!H532 -> 6.4 | F22: =+D22*E22 -> 969.92
A23: =+A22+1 -> 10 | B23: PINTURA ANTICORROSIVA EN PERFILES DE CUBIERTA | C23: U | D23: 1 | E23: =+' ANALISIS '!H591 -> 400 | F23: =+D23*E23 -> 400
A24: =+A23+1 -> 11 | B24: MANTENIMIENTO DE PUERTA DE INGRESO (INCLUYE PINTURA Y PLANCHA MICROPERFORADA | C24: U | D24: 1 | E24: =+' ANALISIS '!H650 -> 906.8 | F24: =+D24*E24 -> 906.8
A25: =+A24+1 -> 12 | B25: CERÁMICA PISO DE EXCELENTE CALIDAD | C25: M2 | D25: =+CANTIDADES!F188 -> 48.69 | E25: =+' ANALISIS '!H710 -> 26 | F25: =+D25*E25 -> 1265.94
A26: =+A25+1 -> 13 | B26: CERÁMICA EN PAREDES DE EXCELENTE CALIDAD | C26: M2 | D26: =+CANTIDADES!F205 -> 18.5 | E26: =+' ANALISIS '!H770 -> 24.1 | F26: =+D26*E26 -> 445.85
A27: =+A26+1 -> 14 | B27: SUMINISTRO Y COLOCACION DE PLANCHA DE GRANITO (INCLUYE ACABADOS Y RODONES) | C27: M2 | D27: =+CANTIDADES!F222 -> 2.91 | E27: =+' ANALISIS '!H830 -> 99 | F27: =+D27*E27 -> 288.09 | G27: 99 | H27: =+D27*G27 -> 288.09
A28: =+A27+1 -> 15 | B28: SUMINISTRO E INSTALACION DE FREGADERO DE ACERO INOXIDABLE | C28: U | D28: 1 | E28: =+' ANALISIS '!H884 -> 155 | F28: =+D28*E28 -> 155
A29: =+A28+1 -> 16 | B29: PROVISIÓN E INSTALACIÓN DE TUMBADO FALSO DE PVC | C29: M2 | D29: =+CANTIDADES!F249 -> 51.75 | E29: 25.2 | F29: =+D29*E29 -> 1304.1 | G29: =+D29*E29 -> 1304.1
A30: =+A29+1 -> 17 | B30: DESINTALACION E INSTALACION DE PIEZAS SANITARIAS, INCLUYE LIMPIEZA DE LOS MISMOS Y CAMBIO DE HERRAJES | C30: U | D30: 4 | E30: =+' ANALISIS '!H998 -> 25 | F30: =+D30*E30 -> 100
A31: =+A30+1 -> 18 | B31: LOSETA DE HORMIGON ARMADO F´C 210KG/CM2 E= 5 CM PARA MESON | C31: M2 | D31: =+CANTIDADES!F275 -> 1.45 | E31: =+' ANALISIS '!H1058 -> 134.8 | F31: =+D31*E31 -> 195.46 | G31: 134.8 | H31: =+D31*G31 -> 195.46
A32: =+A31+1 -> 19 | B32: SUMINISTRO E INSTALACION DE PLANCHAS GYSUM PARA PAREDES CON ESTRUCTURA DRYWALL | C32: M2 | D32: =+CANTIDADES!F292 -> 35.84 | E32: =+' ANALISIS '!H1118 -> 36 | F32: =+D32*E32 -> 1290.24 | G32: PARED CORREDIZA DE DRYWALL POR EL LADO DEL CUARTO
A33: =+A32+1 -> 20 | B33: SUMINISTRO E INSTALACION DE PUERTA CORREDIZA DE ALUMINIO EN MEDIDA 0.90X2.00 M | C33: U | D33: 1 | E33: =+' ANALISIS '!H1178 -> 105 | F33: =+D33*E33 -> 105
A34: =+A33+1 -> 21 | B34: SUMINISTRO E INSTALACION DE PUERTA CORREDIZA DE ALUMINIO Y VIDRIO 0.80X2.00M | C34: U | D34: 1 | E34: =+' ANALISIS '!H1238 -> 130.2 | F34: =+D34*E34 -> 130.2
A35: =+A34+1 -> 22 | B35: VENTANAS DE ALUMINIO Y VIDRIO | C35: M2 | D35: 1.5 | E35: =+' ANALISIS '!H1292 -> 91.12 | F35: =+D35*E35 -> 136.68
A36: =+A35+1 -> 23 | B36: PUNTO DE LUZ DE 120 V | C36: PTO | D36: 12 | E36: =+' ANALISIS '!H1352 -> 40 | F36: =+D36*E36 -> 480
A37: =+A36+1 -> 24 | B37: SUMINISTRO E INSTALACION DE LUMINARIA LED | C37: U | D37: 12 | E37: =+' ANALISIS '!H1409 -> 30 | F37: =+D37*E37 -> 360
A38: =+A37+1 -> 25 | B38: PUNTO DE TOMACORRIENTE 120 V POLARIZADOS | C38: PTO | D38: 10 | E38: =+' ANALISIS '!H1467 -> 47.8 | F38: =+D38*E38 -> 478
A39: =+A38+1 -> 26 | B39: PUNTO DE TOMACORRIENTE 220 V POLARIZADOS | C39: PTO | D39: =+CANTIDADES!F350 -> 2 | E39: =+' ANALISIS '!H1526 -> 55 | F39: =+D39*E39 -> 110
A40: =+A39+1 -> 27 | B40: SUMINISTRO E INSTALACION EN PANELES DE ALUMINIO COMPUESTO | C40: M2 | D40: =+CANTIDADES!F369 -> 52.2 | E40: =+' ANALISIS '!H1581 -> 100 | F40: =+D40*E40 -> 5220
A41: =+A40+1 -> 28 | B41: SUMINISTRO E INSTALACION DE LAMPARAS DE EMERGENCIAS | C41: U | D41: 3 | E41: =+' ANALISIS '!H1642 -> 63.05 | F41: =+D41*E41 -> 189.15
A42: =+A41+1 -> 29 | B42: SUMINISTRO E INSTALACION DE LETRAS CORPOREAS Y ESCUDO | C42: U | D42: 1 | E42: =+' ANALISIS '!H1697 -> 2450.7 | F42: =+D42*E42 -> 2450.7
A43: =+A42+1 -> 30 | B43: MANTENIMIENTO DE CANALON Y CAMBIO DE BAJANTE | C43: U | D43: 1 | E43: =+' ANALISIS '!H1751 -> 104 | F43: =+D43*E43 -> 104 | G43: ARREGLAR RUBROS
A44: =+A43+1 -> 31 | B44: DESINSTALACION DE PUERTAS DE MADERAS | C44: U | D44: =+CANTIDADES!F424 -> 4 | E44: =+' ANALISIS '!H1805 -> 10 | F44: =+D44*E44 -> 40
A45: =+A44+1 -> 32 | B45: CUADRADA DE BOQUETES EN PUERTAS | C45: ML | D45: =+CANTIDADES!F438 -> 19 | E45: =+' ANALISIS '!H1862 -> 16.5 | F45: =+D45*E45 -> 313.5 | H45: =2+2+0.8 -> 4.8 | I45: =+H45*3 -> 14.4
A46: =+A45+1 -> 33 | B46: MANTENIMIENTO E INSTALACION EN PUERTAS DE MADERAS (INCLUYE CAMBIO DE CHAPAS) | C46: U | D46: =+CANTIDADES!F452 -> 4 | E46: =+' ANALISIS '!H1919 -> 60 | F46: =+D46*E46 -> 240
A47: =+A46+1 -> 34 | B47: ESTRUCTURA DE HORMIGÓN ARMADO F´C 210KG/CM2 E=10CM PARA TANQUE ELEVADO (INCLUYE ELEVACIÓN DE DADO DE HORMIGÓN) | C47: U | D47: 1 | E47: =+' ANALISIS '!H1981 -> 680 | F47: =+D47*E47 -> 680
A48: =+A47+1 -> 35 | B48: SUMINISTRO E INSTALACION DE TANQUE ELEVADO DE 2000 LITROS (INCLUYE ACCESORIOS Y CONEXIÓN A LINEA DE DISTRIBUCION ) | C48: U | D48: 1 | E48: =+' ANALISIS '!H2039 -> 570 | F48: =+D48*E48 -> 570 | G48: TANQUE DE 2000
A49: =+A48+1 -> 36 | B49: SUMINISTRO E INSTALACION DE BOMBA PERIFERICA DE 3/4" | C49: U | D49: 1 | E49: =+' ANALISIS '!H2097 -> 169 | F49: =+D49*E49 -> 169
A50: =+A49+1 -> 37 | B50: SUMINISTRO E INSTALACION DE CASILLEROS | C50: U | D50: 1 | E50: =+' ANALISIS '!H2155 -> 250 | F50: =+D50*E50 -> 250
A51: =+A50+1 -> 38 | B51: SUMINISTRO E INSTALACION DE ESCALERAS METALICAS | C51: U | D51: 1 | E51: =+' ANALISIS '!H2213 -> 572 | F51: =+D51*E51 -> 572
A52: =+A51+1 -> 39 | B52: PUNTOS DE AGUA POTABLE FRIA DE 1/2 | C52: PTO | D52: 3 | E52: =+' ANALISIS '!H2271 -> 40 | F52: =+D52*E52 -> 120
A53: =+A52+1 -> 40 | B53: SUMINISTRO E INSTALACION DE TAPIZ DE CAUCHO | C53: U | D53: 1 | E53: =+' ANALISIS '!H2325 -> 150 | F53: =+D53*E53 -> 150
A54: =+A53+1 -> 41 | B54: LIMPIEZA Y DESALOJO | C54: U | D54: 1 | E54: =+' ANALISIS '!H2383 -> 60 | F54: =+D54*E54 -> 60 | G54: UBICAR CAUCHO BALL
E55: SUBTOTAL A | F55: =+SUM(F14:F54) -> 24917.62
E56: IVA 15% | F56: =F55*0.15 -> 3737.643
E57: TOTAL | F57: =+F55+F56 -> 28655.263
B59: ELABORADO POR: | C59: REVISIÓN Y APROBACIÓN POR:

Sheet   ANALISIS  
C4: BENEMÉRITO CUERPO DE BOMBEROS DEL CANTÓN PAJÁN
C5: CRNL. ROBERTO PEÑAFIEL RODRÍGUEZ
C8: ANÁLISIS DE PRECIOS UNITARIOS | D8: ANALISIS DE PRECIOS UNITARIOS | G8: =+FORMATO!$J$14 -> ITEM | H8: =+PRESUPUESTO!A14 -> 1
B9: =FORMATO!$B$4 -> RUBRO: | C9: =+PRESUPUESTO!B14 -> DEMOLICION DE ESCTRUCTURAS DE HORMIGON | G9: =+FORMATO!$J$15 -> UNIDAD | H9: =+PRESUPUESTO!C14 -> M2
B10: =FORMATO!$B$5 -> ELABORADO: | C10: =(FORMATO!$C$5) -> 0 | G10: =+FORMATO!$J$16 -> REND. | H10: =+ROUND(8/30.64,4) -> 0.2611
B11: =FORMATO!$B$9 -> PROYECTO: | C11: =+FORMATO!C9 -> MANTENIMIENTO INTEGRAL DE LA COMPAÑIA DE CUERPO DE BOMBERO CASCOL PERTENECIENTE AL CANTON PAJAN | I11: =+H55 -> 4.1
B12: EQUIPOS
B13: DESCRIPCION | D13: CANTIDAD | E13: TARIFA | F13: COSTO HORA | G13: RENDIMIENTO | H13: COSTO
D14: A | E14: B | F14: C=A*B | G14: R | H14: D=C*R
A15: 1600 | B15: Herramienta menor 5 % M/O | H15: =ROUND(H30*0.05,3) -> 0.117
A16: 1476 | B16: =INDEX(MATERIALES!$D$5:$D$1604,A16) -> martillo demoledor | D16: 1 | E16: =INDEX(MATERIALES!$F$5:$F$1604,A16) -> 3.5 | F16: =ROUND(E16*D16,3) -> 3.5 | G16: =+H10 -> 0.2611 | H16: =ROUND(F16*G16,3) -> 0.914
A17: 1600 | B17: =INDEX(MATERIALES!$D$5:$D$1604,A17) -> 0 | E17: =INDEX(MATERIALES!$F$5:$F$1604,A17) -> 0 | F17: =ROUND(E17*D17,3) -> 0 | H17: =ROUND(F17*G17,3) -> 0
A18: 1600 | B18: =INDEX(MATERIALES!$D$5:$D$1604,A18) -> 0 | E18: =INDEX(MATERIALES!$F$5:$F$1604,A18) -> 0 | F18: =ROUND(E18*D18,3) -> 0 | H18: =ROUND(F18*G18,3) -> 0
A19: 1600 | B19: SUBTOTAL M = | D19: 0 | F19: =ROUND(E19*D19,3) -> 0 | G19: 0 | H19: =ROUND(SUM(H15:H18),2) -> 1.03
B20: MANO DE OBRA
B21: DESCRIPCION | D21: CANTIDAD | E21: JORNAL /HR | F21: COSTO HORA | G21: RENDIMIENTO | H21: COSTO
D22: A | E22: B | F22: C=A*B | G22: R | H22: D=C*R
A23: 11 | B23: =INDEX('[2]MANO DE OBRA'!$C$5:$C$38,A23) -> Maestro (estr.ocp. C1) | D23: 1 | E23: =INDEX('MANO DE OBRA'!$F$5:$F$38,A23) -> 4.75 | F23: =ROUND(E23*D23,4) -> 4.75 | G23: =+H10 -> 0.2611 | H23: =ROUND(F23*G23,3) -> 1.24
A24: 1 | B24: =INDEX('[2]MANO DE OBRA'!$C$5:$C$38,A24) -> Peon (estr.ocp. E2) | D24: 1 | E24: =INDEX('MANO DE OBRA'!$F$5:$F$38,A24) -> 4.23 | F24: =ROUND(E24*D24,4) -> 4.23 | G24: =H10 -> 0.2611 | H24: =ROUND(F24*G24,3) -> 1.104
A25: 34 | B25: =INDEX('[2]MANO DE OBRA'!$C$5:$C$38,A25) -> 0 | E25: =INDEX('MANO DE OBRA'!$F$5:$F$38,A25) -> 0 | F25: =ROUND(E25*D25,4) -> 0 | H25: =ROUND(F25*G25,3) -> 0
A26: 34 | B26: =INDEX('[2]MANO DE OBRA'!$C$5:$C$38,A26) -> 0 | E26: =INDEX('MANO DE OBRA'!$F$5:$F$38,A26) -> 0 | F26: =ROUND(E26*D26,4) -> 0 | G26: =+G25 -> 0 | H26: =ROUND(F26*G26,3) -> 0
A27: 34 | B27: =INDEX('[2]MANO DE OBRA'!$C$5:$C$38,A27) -> 0 | E27: =INDEX('MANO DE OBRA'!$F$5:$F$38,A27) -> 0 | F27: =ROUND(E27*D27,4) -> 0 | H27: =ROUND(F27*G27,4) -> 0
A28: 34 | H28: =ROUND(F28*G28,4) -> 0
A29: 34 | H29: =ROUND(F29*G29,4) -> 0
A30: 34 | B30: SUBTOTAL N = | D30: 0 | F30: =ROUND(E30*D30,3) -> 0 | G30: 0 | H30: =ROUND(SUM(H23:H29),2) -> 2.34
B31: MATERIALES
B32: DESCRIPCION | E32: UNIDAD | F32: CANTIDAD | G32: PRECIO UNIT. | H32: COSTO
F33: A | G33: B | H33: C=A*B
A34: 1371 | B34: =INDEX(MATERIALES!$D$5:$D$1604,A34) -> Tub. PVC rig. Desague 2" 50mm. | E34: =INDEX([2]MATERIALES!$E$5:$E$1604,A34) -> ml | F34: 0.05 | G34: =INDEX([2]MATERIALES!$F$5:$F$1604,A34) -> 0.98666667 | H34: =ROUND(F34*G34,3) -> 0.049
A35: 1600 | B35: =INDEX(MATERIALES!$D$5:$D$1604,A35) -> 0 | E35: =INDEX([2]MATERIALES!$E$5:$E$1604,A35) -> 0 | G35: =INDEX([2]MATERIALES!$F$5:$F$1604,A35) -> 0 | H35: =ROUND(F35*G35,3) -> 0
A36: 1600 | B36: =INDEX(MATERIALES!$D$5:$D$1604,A36) -> 0 | E36: =INDEX([2]MATERIALES!$E$5:$E$1604,A36) -> 0 | G36: =INDEX([2]MATERIALES!$F$5:$F$1604,A36) -> 0 | H36: =ROUND(F36*G36,3) -> 0
A37: 1600 | B37: =INDEX(MATERIALES!$D$5:$D$1604,A37) -> 0 | E37: =INDEX([2]MATERIALES!$E$5:$E$1604,A37) -> 0 | G37: =INDEX([2]MATERIALES!$F$5:$F$1604,A37) -> 0 | H37: =ROUND(F37*G37,3) -> 0
A38: 1600 | B38: =INDEX(MATERIALES!$D$5:$D$1604,A38) -> 0 | E38: =INDEX([2]MATERIALES!$E$5:$E$1604,A38) -> 0 | G38: =INDEX([2]MATERIALES!$F$5:$F$1604,A38) -> 0 | H38: =ROUND(F38*G38,3) -> 0
A39: 1600 | B39: =INDEX(MATERIALES!$D$5:$D$1604,A39) -> 0 | E39: =INDEX([2]MATERIALES!$E$5:$E$1604,A39) -> 0 | G39: =INDEX([2]MATERIALES!$F$5:$F$1604,A39) -> 0 | H39: =ROUND(F39*G39,3) -> 0
A40: 1600 | B40: =INDEX(MATERIALES!$D$5:$D$1604,A40) -> 0 | E40: =INDEX([2]MATERIALES!$E$5:$E$1604,A40) -> 0 | G40: =INDEX([2]MATERIALES!$F$5:$F$1604,A40) -> 0 | H40: =ROUND(F40*G40,3) -> 0
A41: 1600 | B41: =INDEX(MATERIALES!$D$5:$D$1604,A41) -> 0 | E41: =INDEX([2]MATERIALES!$E$5:$E$1604,A41) -> 0 | G41: =INDEX([2]MATERIALES!$F$5:$F$1604,A41) -> 0 | H41: =ROUND(F41*G41,3) -> 0
A42: 1600 | B42: =INDEX(MATERIALES!$D$5:$D$1604,A42) -> 0 | E42: =INDEX([2]MATERIALES!$E$5:$E$1604,A42) -> 0 | G42: =INDEX([2]MATERIALES!$F$5:$F$1604,A42) -> 0 | H42: =ROUND(F42*G42,3) -> 0
B43: SUBTOTAL O = | D43: 0 | G43: 0 | H43: =ROUND(SUM(H34:H42),2) -> 0.05
B44: TRANSPORTE
B45: DESCRIPCION | E45: UNIDAD | F45: CANTIDAD | G45: TARIFA | H45: COSTO
F46: A | G46: B | H46: C=A*B
A47: 20 | B47: =INDEX('MANO DE OBRA'!$C$41:$C$60,A47) -> 0 | E47: =INDEX('MANO DE OBRA'!$B$41:$B$60,A47) -> 0 | F47: =+F35+F36 -> 0 | H47: =F47*G47 -> 0
A48: 20 | B48: =INDEX('MANO DE OBRA'!$C$41:$C$60,A48) -> 0 | E48: =INDEX('MANO DE OBRA'!$B$41:$B$60,A48) -> 0 | F48: =+F38+F39+F40 -> 0 | H48: =ROUND(F48*G48,3) -> 0
A49: 20 | B49: =INDEX('MANO DE OBRA'!$C$41:$C$60,A49) -> 0 | E49: =INDEX('MANO DE OBRA'!$B$41:$B$60,A49) -> 0 | H49: =ROUND(F49*G49,3) -> 0
B50: SUBTOTAL P = | H50: =ROUND(SUM(H47:H49),4) -> 0
E51: TOTAL COSTO DIRECTOS X=(M+N+O+P) | H51: =ROUND(SUM(H50,H43,H30,H19),4) -> 3.42
E52: INDIRECTOS Y UTILIDAD ....... | G52: =(FORMATO!$C$37) -> 0.2 | H52: =ROUND(H51*G52,2) -> 0.68
E53: OTROS INDIRECTOS ...… %
E54: COSTO TOTAL DEL RUBRO | H54: =ROUND(SUM(H51:H52),4) -> 4.1
B55: =(FORMATO!$C$8) -> PAJAN, AGOSTO DE 2025 | E55: =+' ANALISIS '!A856382 -> 0 | G55: $ | H55: =ROUND(H54,2) -> 4.1
C62: =+C4 -> BENEMÉRITO CUERPO DE BOMBEROS DEL CANTÓN PAJÁN
C63: =+C5 -> CRNL. ROBERTO PEÑAFIEL RODRÍGUEZ
C66: =+FORMATO!$J$13 -> ANÁLISIS DE PRECIOS UNITARIOS | D66: ANALISIS DE PRECIOS UNITARIOS | G66: =+FORMATO!$J$14 -> ITEM | H66: =+PRESUPUESTO!A15 -> 2
B67: =FORMATO!$B$4 -> RUBRO: | C67: =+PRESUPUESTO!B15 -> HORMIGÓN SIMPLE PARA CONTRAPISO DE ESP. = 5 CM F´C = 210 KG/CM3 | G67: =+FORMATO!$J$15 -> UNIDAD | H67: =+PRESUPUESTO!C15 -> M2
B68: =FORMATO!$B$5 -> ELABORADO: | C68: =(FORMATO!$C$5) -> 0 | G68: =+FORMATO!$J$16 -> REND. | H68: =+ROUND(8/48,4) -> 0.1667
B69: =FORMATO!$B$9 -> PROYECTO: | C69: =+C11 -> MANTENIMIENTO INTEGRAL DE LA COMPAÑIA DE CUERPO DE BOMBERO CASCOL PERTENECIENTE AL CANTON PAJAN | I69: =+H113 -> 18
B70: EQUIPOS
B71: DESCRIPCION | D71: CANTIDAD | E71: TARIFA | F71: COSTO HORA | G71: RENDIMIENTO | H71: COSTO
D72: A | E72: B | F72: C=A*B | G72: R | H72: D=C*R
A73: 1600 | B73: Herramienta menor 5 % M/O | H73: =ROUND(H88*0.05,3) -> 0.287
A74: 1449 | B74: =INDEX(MATERIALES!$D$5:$D$1604,A74) -> Concretera de 1 Saco | D74: 1 | E74: =INDEX(MATERIALES!$F$5:$F$1604,A74) -> 3.75 | F74: =ROUND(E74*D74,3) -> 3.75 | G74: =+H68 -> 0.1667 | H74: =ROUND(F74*G74,3) -> 0.625
A75: 1600 | B75: =INDEX(MATERIALES!$D$5:$D$1604,A75) -> 0 | E75: =INDEX(MATERIALES!$F$5:$F$1604,A75) -> 0 | F75: =ROUND(E75*D75,3) -> 0 | H75: =ROUND(F75*G75,3) -> 0
A76: 1600 | B76: =INDEX(MATERIALES!$D$5:$D$1604,A76) -> 0 | E76: =INDEX(MATERIALES!$F$5:$F$1604,A76) -> 0 | F76: =ROUND(E76*D76,3) -> 0 | H76: =ROUND(F76*G76,3) -> 0
A77: 1600 | B77: SUBTOTAL M = | D77: 0 | F77: =ROUND(E77*D77,3) -> 0 | G77: 0 | H77: =ROUND(SUM(H73:H76),2) -> 0.91
B78: MANO DE OBRA
B79: DESCRIPCION | D79: CANTIDAD | E79: JORNAL /HR | F79: COSTO HORA | G79: RENDIMIENTO | H79: COSTO
D80: A | E80: B | F80: C=A*B | G80: R | H80: D=C*R
A81: 11 | B81: =INDEX('[2]MANO DE OBRA'!$C$5:$C$38,A81) -> Maestro (estr.ocp. C1) | D81: 1 | E81: =INDEX('MANO DE OBRA'!$F$5:$F$38,A81) -> 4.75 | F81: =ROUND(E81*D81,4) -> 4.75 | G81: =+H68 -> 0.1667 | H81: =ROUND(F81*G81,3) -> 0.792
A82: 3 | B82: =INDEX('[2]MANO DE OBRA'!$C$5:$C$38,A82) -> Albañil (estr.ocp. D2) cat III | D82: 1 | E82: =INDEX('MANO DE OBRA'!$F$5:$F$38,A82) -> 4.28 | F82: =ROUND(E82*D82,4) -> 4.28 | G82: =H68 -> 0.1667 | H82: =ROUND(F82*G82,3) -> 0.713
A83: 4 | B83: =INDEX('[2]MANO DE OBRA'!$C$5:$C$38,A83) -> Carpintero (estr.ocp. D2) cat III | D83: 1 | E83: =INDEX('MANO DE OBRA'!$F$5:$F$38,A83) -> 4.28 | F83: =ROUND(E83*D83,4) -> 4.28 | G83: =+G82 -> 0.1667 | H83: =ROUND(F83*G83,3) -> 0.713
A84: 1 | B84: =INDEX('[2]MANO DE OBRA'!$C$5:$C$38,A84) -> Peon (estr.ocp. E2) | D84: 5 | E84: =INDEX('MANO DE OBRA'!$F$5:$F$38,A84) -> 4.23 | F84: =ROUND(E84*D84,4) -> 21.15 | G84: =+G83 -> 0.1667 | H84: =ROUND(F84*G84,3) -> 3.526
A85: 34 | B85: =INDEX('[2]MANO DE OBRA'!$C$5:$C$38,A85) -> 0 | E85: =INDEX('MANO DE OBRA'!$F$5:$F$38,A85) -> 0 | F85: =ROUND(E85*D85,4) -> 0 | H85: =ROUND(F85*G85,4) -> 0
A86: 34 | H86: =ROUND(F86*G86,4) -> 0
A87: 34 | H87: =ROUND(F87*G87,4) -> 0
A88: 34 | B88: SUBTOTAL N = | D88: 0 | F88: =ROUND(E88*D88,3) -> 0 | G88: 0 | H88: =ROUND(SUM(H81:H87),2) -> 5.74
B89: MATERIALES
B90: DESCRIPCION | E90: UNIDAD | F90: CANTIDAD | G90: PRECIO UNIT. | H90: COSTO | J90: 50 | K90: 100
F91: A | G91: B | H91: C=A*B
A92: 282 | B92: =INDEX(MATERIALES!$D$5:$D$1604,A92) -> Cemento tipo I(50 Kg) | E92: =INDEX([2]MATERIALES!$E$5:$E$1604,A92) -> kg | F92: 25 | G92: =INDEX([2]MATERIALES!$F$5:$F$1604,A92) -> 0.1506 | H92: =ROUND(F92*G92,3) -> 3.765
A93: 291 | B93: =INDEX(MATERIALES!$D$5:$D$1604,A93) -> Piedra # 3/4 | E93: =INDEX([2]MATERIALES!$E$5:$E$1604,A93) -> m3 | F93: 0.06 | G93: =INDEX([2]MATERIALES!$F$5:$F$1604,A93) -> 15.62 | H93: =ROUND(F93*G93,3) -> 0.937
A94: 295 | B94: =INDEX(MATERIALES!$D$5:$D$1604,A94) -> Arena gruesa | E94: =INDEX([2]MATERIALES!$E$5:$E$1604,A94) -> m3 | F94: 0.044 | G94: =INDEX([2]MATERIALES!$F$5:$F$1604,A94) -> 11.25 | H94: =ROUND(F94*G94,3) -> 0.495
A95: 296 | B95: =INDEX(MATERIALES!$D$5:$D$1604,A95) -> Agua(100 m3) | E95: =INDEX([2]MATERIALES!$E$5:$E$1604,A95) -> m3 | F95: 0.16 | G95: =INDEX([2]MATERIALES!$F$5:$F$1604,A95) -> 1.08 | H95: =ROUND(F95*G95,3) -> 0.173
A96: 1163 | B96: =INDEX(MATERIALES!$D$5:$D$1604,A96) -> Cuarton de encofrado semiduro | E96: =INDEX([2]MATERIALES!$E$5:$E$1604,A96) -> u | F96: 0.25 | G96: =INDEX([2]MATERIALES!$F$5:$F$1604,A96) -> 2.8 | H96: =ROUND(F96*G96,3) -> 0.7
A97: 1164 | B97: =INDEX(MATERIALES!$D$5:$D$1604,A97) -> Tiras de encofrado semiduras | E97: =INDEX([2]MATERIALES!$E$5:$E$1604,A97) -> u | F97: 1 | G97: =INDEX([2]MATERIALES!$F$5:$F$1604,A97) -> 1.68 | H97: =ROUND(F97*G97,3) -> 1.68
A98: 1165 | B98: =INDEX(MATERIALES!$D$5:$D$1604,A98) -> Clavos para encofrado de 2 " a 31/2" | E98: =INDEX([2]MATERIALES!$E$5:$E$1604,A98) -> kg | F98: 0.25 | G98: =INDEX([2]MATERIALES!$F$5:$F$1604,A98) -> 1.43 | H98: =ROUND(F98*G98,3) -> 0.358
A99: 1600 | B99: =INDEX(MATERIALES!$D$5:$D$1604,A99) -> 0 | E99: =INDEX([2]MATERIALES!$E$5:$E$1604,A99) -> 0 | G99: =INDEX([2]MATERIALES!$F$5:$F$1604,A99) -> 0 | H99: =ROUND(F99*G99,3) -> 0
A100: 1600 | B100: =INDEX(MATERIALES!$D$5:$D$1604,A100) -> 0 | E100: =INDEX([2]MATERIALES!$E$5:$E$1604,A100) -> 0 | G100: =INDEX([2]MATERIALES!$F$5:$F$1604,A100) -> 0 | H100: =ROUND(F100*G100,3) -> 0
B101: SUBTOTAL O = | D101: 0 | G101: 0 | H101: =ROUND(SUM(H92:H100),2) -> 8.11
B102: TRANSPORTE
B103: DESCRIPCION | E103: UNIDAD | F103: CANTIDAD | G103: TARIFA | H103: COSTO
F104: A | G104: B | H104: C=A*B
A105: 1 | B105: =INDEX('MANO DE OBRA'!$C$41:$C$60,A105) -> transporte de material petreo | E105: =INDEX('MANO DE OBRA'!$B$41:$B$60,A105) -> m3/km | F105: =+F93+F94 -> 0.104 | G105: 0.25 | H105: =F105*G105 -> 0.026
A106: 2 | B106: =INDEX('MANO DE OBRA'!$C$41:$C$60,A106) -> transporte de madera | E106: =INDEX('MANO DE OBRA'!$B$41:$B$60,A106) -> u/km | F106: =+F96+F97 -> 1.25 | G106: 0.03 | H106: =ROUND(F106*G106,3) -> 0.038
A107: 3 | B107: =INDEX('MANO DE OBRA'!$C$41:$C$60,A107) -> transporte de cemento | E107: =INDEX('MANO DE OBRA'!$B$41:$B$60,A107) -> kg/km | F107: =+F92 -> 25 | G107: 0.007 | H107: =ROUND(F107*G107,3) -> 0.175
B108: SUBTOTAL P = | H108: =ROUND(SUM(H105:H107),4) -> 0.239
E109: TOTAL COSTO DIRECTOS X=(M+N+O+P) | H109: =ROUND(SUM(H108,H101,H88,H77),4) -> 14.999
E110: INDIRECTOS Y UTILIDAD ....... | G110: =(FORMATO!$C$37) -> 0.2 | H110: =ROUND(H109*G110,2) -> 3
E111: OTROS INDIRECTOS ...… %
E112: COSTO TOTAL DEL RUBRO | H112: =ROUND(SUM(H109:H110),4) -> 17.999
B113: =(FORMATO!$C$8) -> PAJAN, AGOSTO DE 2025 | E113: =+' ANALISIS '!A856502 -> 0 | G113: $ | H113: =ROUND(H112,2) -> 18
...

Sheet CANTIDADES
A3: CALCULO DE CANTIDADES
A5: =+PRESUPUESTO!B13 -> COMPAÑÍA DE BOMBERO DE CASCOL
B11: =+PRESUPUESTO!B8 -> MANTENIMIENTO INTEGRAL DE LA COMPAÑIA DE CUERPO DE BOMBERO CASCOL PERTENECIENTE AL CANTON PAJAN
A12: =+PRESUPUESTO!A14 -> 1 | B12: =+PRESUPUESTO!B14 -> DEMOLICION DE ESCTRUCTURAS DE HORMIGON
A13: Refer. | C13: DIMENSIONES | F13: SUBTOTAL | H13: =+PRESUPUESTO!D14 -> 14.1
B14: # ELEMENTO | C14: A | D14: B
A15: DORMITORIO
A16: MAMPOSTERIA DE BAÑO Y COCINA | C16: 4.5 | D16: 2.8 | F16: =+C16*D16 -> 12.6
A17: COCINA
A18: MESON | C18: 0.6 | D18: 2.5 | F18: =+C18*D18 -> 1.5
F19: =ROUND(SUM(F16:F18),2) -> 14.1 | G19: =+PRESUPUESTO!C14 -> M2
B24: =+B11 -> MANTENIMIENTO INTEGRAL DE LA COMPAÑIA DE CUERPO DE BOMBERO CASCOL PERTENECIENTE AL CANTON PAJAN
A25: =+PRESUPUESTO!A15 -> 2 | B25: =+PRESUPUESTO!B15 -> HORMIGÓN SIMPLE PARA CONTRAPISO DE ESP. = 5 CM F´C = 210 KG/CM3
A26: Refer. | C26: DIMENSIONES | F26: SUBTOTAL | H26: =+PRESUPUESTO!D45 -> 19
B27: # ELEMENTO | C27: A | D27: B
A28: DORMITORIO
A29: DORMITORIO | C29: 4.75 | D29: 4.4 | F29: =+C29*D29 -> 20.9
A30: BAÑO DE DORMITORIO
A31: BAÑO | C31: 2.8 | D31: 1.5 | F31: =+C31*D31 -> 4.2
A32: COCINA
A33: COCINA | C33: 4.85 | D33: 4.4 | F33: =+C33*D33 -> 21.34
A34: BAÑO DE COCINA
A35: BAÑO | C35: 1.5 | D35: 1.5 | F35: =+C35*D35 -> 2.25
F37: =ROUND(SUM(F29:F36),2) -> 48.69 | G37: =+PRESUPUESTO!C15 -> M2
B42: =+B11 -> MANTENIMIENTO INTEGRAL DE LA COMPAÑIA DE CUERPO DE BOMBERO CASCOL PERTENECIENTE AL CANTON PAJAN
A43: =+PRESUPUESTO!A16 -> 3 | B43: =+PRESUPUESTO!B16 -> REMOCION DE CERAMICA EXISTENTE EN PISOS Y PAREDES
A44: Refer. | C44: DIMENSIONES | F44: SUBTOTAL | H44: =+PRESUPUESTO!#REF! -> #REF!
B45: # ELEMENTO | D45: U
A46: CERAMICA EXISTENTE | D46: 1 | F46: =+D46 -> 1
F49: =+ROUND(SUM(F46:F48),2) -> 1 | G49: =+PRESUPUESTO!C16 -> U
B54: =+B42 -> MANTENIMIENTO INTEGRAL DE LA COMPAÑIA DE CUERPO DE BOMBERO CASCOL PERTENECIENTE AL CANTON PAJAN
A55: =+PRESUPUESTO!A17 -> 4 | B55: =+PRESUPUESTO!B17 -> ENLUCIDO EXTERIOR .E= 2,0 CM
A56: Refer. | C56: DIMENSIONES | F56: SUBTOTAL | H56: =+PRESUPUESTO!#REF! -> #REF!
B57: # ELEMENTO | C57: A | D57: B
A58: MAMPOSTERIA EXTERIOR LADO DERECHO | C58: 17.25 | D58: 3.71 | F58: =+C58*D58 -> 63.9975
F61: =+ROUND(SUM(F58:F60),2) -> 64 | G61: =+PRESUPUESTO!C17 -> M2
B66: =+B54 -> MANTENIMIENTO INTEGRAL DE LA COMPAÑIA DE CUERPO DE BOMBERO CASCOL PERTENECIENTE AL CANTON PAJAN
A67: =+PRESUPUESTO!A18 -> 5 | B67: =+PRESUPUESTO!B18 -> DESINTALACION DE PANEL DE BREAKER Y RED DE INSTALACION ELECTRICA EXISTENTE
A68: Refer. | C68: DIMENSIONES | F68: SUBTOTAL | H68: =+PRESUPUESTO!#REF! -> #REF!
B69: # ELEMENTO | D69: U
A70: =+B67 -> DESINTALACION DE PANEL DE BREAKER Y RED DE INSTALACION ELECTRICA EXISTENTE | D70: 1 | F70: =+D70 -> 1
F72: =+ROUND(SUM(F70:F71),2) -> 1 | G72: =+PRESUPUESTO!C18 -> U
B77: =+$B$42 -> MANTENIMIENTO INTEGRAL DE LA COMPAÑIA DE CUERPO DE BOMBERO CASCOL PERTENECIENTE AL CANTON PAJAN
A78: =+PRESUPUESTO!A20 -> 7 | B78: =+PRESUPUESTO!B20 -> IMPERMEABILIZADA Y ELIMINACION DE SALITRE EN MAMPOSTERIA
A79: Refer. | C79: DIMENSIONES | F79: SUBTOTAL | H79: =+PRESUPUESTO!#REF! -> #REF!
B80: # ELEMENTO | C80: A | D80: B
A81: DORMITORIO
A82: PARED POSTERIOS DE DORMITORIO | C82: 5 | D82: 2 | F82: =+C82*D82 -> 10
A83: LATERAL IZQ DE DORMITORIO | C83: 4.6 | D83: 2 | F83: =+C83*D83 -> 9.2
A84: LATERAL DER DE DORMITORIO | C84: 3.7 | D84: 2 | F84: =+C84*D84 -> 7.4
A85: BAÑO DE DORMITORIO
A86: LATERAL IZQ | C86: 1 | D86: 1.2 | F86: =+C86*D86 -> 1.2
A87: LATERAL FRONT | C87: 1.6 | D87: 1.2 | F87: =+C87*D87 -> 1.92
A88: LATERAL DER | C88: 1.6 | D88: 1.2 | F88: =+C88*D88 -> 1.92
A89: COCINA
A90: PARED POST | C90: 5 | D90: 2 | F90: =+C90*D90 -> 10
A91: PARED IZQ | C91: 3.7 | D91: 2 | F91: =+C91*D91 -> 7.4
A92: PARED DER | C92: 4.5 | D92: 2 | F92: =+C92*D92 -> 9
A93: BAÑO DE COCINA
A94: PARED POST | C94: 1.5 | D94: 2.2 | F94: =+C94*D94 -> 3.3
A95: PARED DER | C95: 1.5 | D95: 2.2 | F95: =+C95*D95 -> 3.3
A96: PARED FRONT | B96: 2 | C96: 0.8 | D96: 2.2 | E96: =((1.5*1)) -> 1.5 | F96: =+((B96*C96*D96)-E96) -> 2.02
A97: MAMPOSTERIA EXTERIOR LADO DERECHO
A98: MAMPOSTERIA EXTERIOR LADO DERECHO | B98: 1 | C98: 17.3 | D98: 1.5 | F98: =+C98*D98*B98 -> 25.95
F99: =+ROUND(SUM(F82:F98),2) -> 92.61 | G99: =+PRESUPUESTO!C20 -> M2
B104: =+$B$42 -> MANTENIMIENTO INTEGRAL DE LA COMPAÑIA DE CUERPO DE BOMBERO CASCOL PERTENECIENTE AL CANTON PAJAN
A105: =+PRESUPUESTO!A21 -> 8 | B105: =+PRESUPUESTO!B21 -> PINTURA ESMALTE EXTERIOR (LIJADO, EMPASTE, SELLADOR Y DOS MANOS DE PINTURA)
A106: Refer. | C106: DIMENSIONES | F106: SUBTOTAL | H106: =+PRESUPUESTO!#REF! -> #REF!
B107: # ELEMENTO | C107: A | D107: B | E107: AREA
A108: INGRESO
A109: MOCHETA IZQ | B109: 2 | C109: 0.9 | D109: 3.4 | F109: =+B109*C109*D109 -> 6.12
A110: MOCHETA INTER | B110: 2 | C110: 1.5 | D110: 3.4 | F110: =+B110*C110*D110 -> 10.2
A111: MOCHETA DER | B111: 2 | C111: 0.8 | D111: 3.4 | F111: =+B111*C111*D111 -> 5.44
A112: AREA TRIANGULAR | B112: 2 | E112: 9.9 | F112: =+B112*E112 -> 19.8
A113: CORREDOR
A114: PARED IZQ | C114: 12.6 | D114: 3.85 | F114: =+C114*D114 -> 48.51 | J114: =((3.8+4)/2) -> 3.9
A115: PARED DER | C115: 12.6 | D115: =+D114 -> 3.85 | F115: =+C115*D115 -> 48.51 | J115: =((3.8+4)/2) -> 3.9
A116: PARED POST DE DOR Y BAÑO | C116: 9 | D116: 3.9 | E116: =((1.5*1*2)) -> 3 | F116: =((C116*D116)-E116) -> 32.1 | J116: 3.9
A117: PILARES | B117: 6 | C117: =0.15+0.25+0.15 -> 0.55 | D117: 3.9 | F117: =+B117*C117*D117 -> 12.87 | H117: =+PRESUPUESTO!F21 -> 1358.27 | J117: 3.9
F119: =+ROUND(SUM(F109:F118),2) -> 183.55 | G119: =+PRESUPUESTO!C21 -> M2
B124: =+$B$42 -> MANTENIMIENTO INTEGRAL DE LA COMPAÑIA DE CUERPO DE BOMBERO CASCOL PERTENECIENTE AL CANTON PAJAN
A125: =+PRESUPUESTO!A22 -> 9 | B125: =+PRESUPUESTO!B22 -> PINTURA ESMALTE INTERIOR (LIJADO, EMPASTE, SELLADOR Y DOS MANOS DE PINTURA)
A126: Refer. | C126: DIMENSIONES | F126: SUBTOTAL | H126: =+PRESUPUESTO!#REF! -> #REF!
B127: # ELEMENTO | C127: A | D127: B
A128: DORMITORIO
A129: PARED POSTERIOS DE DORMITORIO | C129: 5 | D129: 4 | F129: =+C129*D129 -> 20
A130: LATERAL IZQ DE DORMITORIO | C130: 4.6 | D130: 4 | F130: =+C130*D130 -> 18.4
A131: LATERAL DER DE DORMITORIO | C131: 3.7 | D131: 3 | F131: =+C131*D131 -> 11.1
A132: PARED FRONTAL | B132: 1 | C132: 3.6 | D132: 3.5 | E132: =((1.5*1)) -> 1.5 | F132: =+((B132*C132*D132)-E132) -> 11.1
A133: BAÑO DE DORMITORIO
A134: LATERAL IZQ | C134: 1 | D134: 1.2 | F134: =+C134*D134 -> 1.2
A135: LATERAL FRONT | C135: 1.6 | D135: 1.2 | F135: =+C135*D135 -> 1.92
A136: LATERAL DER | C136: 1.6 | D136: 1.2 | F136: =+C136*D136 -> 1.92
A137: COCINA
A138: PARED POST | C138: 5 | D138: 4 | F138: =+C138*D138 -> 20
A139: PARED IZQ | C139: 3.7 | D139: 3 | F139: =+C139*D139 -> 11.1
A140: PARED DER | C140: 4.5 | D140: 4 | F140: =+C140*D140 -> 18
A141: PARED FRONT | B141: 1 | C141: 4.5 | D141: 3.5 | F141: =+B141*C141*D141 -> 15.75
A142: BAÑO DE COCINA
A143: PARED POST | C143: 1.5 | D143: 1.2 | F143: =+C143*D143 -> 1.8
...

Sheet CRONOGRAMAS
B4: BENEMÉRITO CUERPO DE BOMBEROS DEL CANTÓN PAJÁN
B5: CRNL. ROBERTO PEÑAFIEL RODRÍGUEZ
A6: PROVINCIA DEL GUAYAS - ECUADOR
B7: CRONOGRAMA VALORADO DE TRABAJO
C8: PROYECTO: | D8: =+FORMATO!C9 -> MANTENIMIENTO INTEGRAL DE LA COMPAÑIA DE CUERPO DE BOMBERO CASCOL PERTENECIENTE AL CANTON PAJAN
C9: =+FORMATO!B8 -> FECHA: | D9: =+FORMATO!C8 -> PAJAN, AGOSTO DE 2025
B10: ITEM | C10: DESCRIPCIÓN DEL RUBRO | E10: CANT. | F10: UNIDAD | G10: PRECIO | H10: PRECIO | I10: TIEMPO EN: 45 DIAS
G11: UNITARIO | H11: TOTAL | I11: 45 DIAS | M11: =(7*8) -> 56
C12: =+PRESUPUESTO!B13 -> COMPAÑÍA DE BOMBERO DE CASCOL
B13: =PRESUPUESTO!A14 -> 1 | C13: =PRESUPUESTO!B14 -> DEMOLICION DE ESCTRUCTURAS DE HORMIGON | E13: =PRESUPUESTO!D14 -> 14.1 | F13: =PRESUPUESTO!C14 -> M2 | G13: =PRESUPUESTO!E14 -> 4.1 | H13: =+E13*G13 -> 57.81 | I13: 1 | K13: =+SUM(I13:J13) -> 1
I14: =H13*I13 -> 57.81
B15: =PRESUPUESTO!A15 -> 2 | C15: =PRESUPUESTO!B15 -> HORMIGÓN SIMPLE PARA CONTRAPISO DE ESP. = 5 CM F´C = 210 KG/CM3 | E15: =PRESUPUESTO!D15 -> 48.69 | F15: =PRESUPUESTO!C15 -> M2 | G15: =PRESUPUESTO!E15 -> 18 | H15: =+E15*G15 -> 876.42 | I15: 1 | K15: =+SUM(I15:J15) -> 1
I16: =H15*I15 -> 876.42
B17: =PRESUPUESTO!A16 -> 3 | C17: =PRESUPUESTO!B16 -> REMOCION DE CERAMICA EXISTENTE EN PISOS Y PAREDES | E17: =PRESUPUESTO!D16 -> 1 | F17: =PRESUPUESTO!C16 -> U | G17: =PRESUPUESTO!E16 -> 300 | H17: =+E17*G17 -> 300 | I17: 1 | K17: =+SUM(I17:J17) -> 1
I18: =H17*I17 -> 300
B19: =PRESUPUESTO!A17 -> 4 | C19: =PRESUPUESTO!B17 -> ENLUCIDO EXTERIOR .E= 2,0 CM | E19: =PRESUPUESTO!D17 -> 64 | F19: =PRESUPUESTO!C17 -> M2 | G19: =PRESUPUESTO!E17 -> 11.75 | H19: =+E19*G19 -> 752 | I19: 1 | K19: =+SUM(I19:J19) -> 1
I20: =H19*I19 -> 752
B21: =PRESUPUESTO!A18 -> 5 | C21: =PRESUPUESTO!B18 -> DESINTALACION DE PANEL DE BREAKER Y RED DE INSTALACION ELECTRICA EXISTENTE | E21: =PRESUPUESTO!D18 -> 1 | F21: =PRESUPUESTO!C18 -> U | G21: =PRESUPUESTO!E18 -> 90 | H21: =+E21*G21 -> 90 | I21: 1 | K21: =+SUM(I21:J21) -> 1
I22: =H21*I21 -> 90
B23: =PRESUPUESTO!A19 -> 6 | C23: =PRESUPUESTO!B19 -> SUMINISTRO E INSTALACION DE PANEL DE BREACKER | E23: =PRESUPUESTO!D19 -> 1 | F23: =PRESUPUESTO!C19 -> U | G23: =PRESUPUESTO!E19 -> 400 | H23: =+E23*G23 -> 400 | I23: 1 | K23: =+SUM(I23:J23) -> 1
I24: =H23*I23 -> 400
B25: =PRESUPUESTO!A20 -> 7 | C25: =PRESUPUESTO!B20 -> IMPERMEABILIZADA Y ELIMINACION DE SALITRE EN MAMPOSTERIA | E25: =PRESUPUESTO!D20 -> 92.61 | F25: =PRESUPUESTO!C20 -> M2 | G25: =PRESUPUESTO!E20 -> 9 | H25: =+E25*G25 -> 833.49 | I25: 1 | K25: =+SUM(I25:J25) -> 1
I26: =H25*I25 -> 833.49
B27: =PRESUPUESTO!A21 -> 8 | C27: =PRESUPUESTO!B21 -> PINTURA ESMALTE EXTERIOR (LIJADO, EMPASTE, SELLADOR Y DOS MANOS DE PINTURA) | E27: =PRESUPUESTO!D21 -> 183.55 | F27: =PRESUPUESTO!C21 -> M2 | G27: =PRESUPUESTO!E21 -> 7.4 | H27: =+E27*G27 -> 1358.27 | I27: 1 | K27: =+SUM(I27:J27) -> 1
I28: =H27*I27 -> 1358.27
B29: =PRESUPUESTO!A22 -> 9 | C29: =PRESUPUESTO!B22 -> PINTURA ESMALTE INTERIOR (LIJADO, EMPASTE, SELLADOR Y DOS MANOS DE PINTURA) | E29: =PRESUPUESTO!D22 -> 151.55 | F29: =PRESUPUESTO!C22 -> M2 | G29: =PRESUPUESTO!E22 -> 6.4 | H29: =+E29*G29 -> 969.92 | I29: 1 | K29: =+SUM(I29:J29) -> 1
I30: =H29*I29 -> 969.92
B31: =PRESUPUESTO!A23 -> 10 | C31: =PRESUPUESTO!B23 -> PINTURA ANTICORROSIVA EN PERFILES DE CUBIERTA | E31: =PRESUPUESTO!D23 -> 1 | F31: =PRESUPUESTO!C23 -> U | G31: =PRESUPUESTO!E23 -> 400 | H31: =+E31*G31 -> 400 | I31: 1 | K31: =+SUM(I31:J31) -> 1
I32: =H31*I31 -> 400
B33: =PRESUPUESTO!A24 -> 11 | C33: =PRESUPUESTO!B24 -> MANTENIMIENTO DE PUERTA DE INGRESO (INCLUYE PINTURA Y PLANCHA MICROPERFORADA | E33: =PRESUPUESTO!D24 -> 1 | F33: =PRESUPUESTO!C24 -> U | G33: =PRESUPUESTO!E24 -> 906.8 | H33: =+E33*G33 -> 906.8 | I33: 1 | K33: =+SUM(I33:J33) -> 1
I34: =H33*I33 -> 906.8
B35: =PRESUPUESTO!A25 -> 12 | C35: =PRESUPUESTO!B25 -> CERÁMICA PISO DE EXCELENTE CALIDAD | E35: =PRESUPUESTO!D25 -> 48.69 | F35: =PRESUPUESTO!C25 -> M2 | G35: =PRESUPUESTO!E25 -> 26 | H35: =+E35*G35 -> 1265.94 | I35: 1 | K35: =+SUM(I35:I35) -> 1
I36: =H35*I35 -> 1265.94
B37: =PRESUPUESTO!A26 -> 13 | C37: =PRESUPUESTO!B26 -> CERÁMICA EN PAREDES DE EXCELENTE CALIDAD | E37: =PRESUPUESTO!D26 -> 18.5 | F37: =PRESUPUESTO!C26 -> M2 | G37: =PRESUPUESTO!E26 -> 24.1 | H37: =+E37*G37 -> 445.85 | I37: 1 | K37: =+SUM(I37:J37) -> 1
I38: =H37*I37 -> 445.85
B39: =PRESUPUESTO!A27 -> 14 | C39: =PRESUPUESTO!B27 -> SUMINISTRO Y COLOCACION DE PLANCHA DE GRANITO (INCLUYE ACABADOS Y RODONES) | E39: =PRESUPUESTO!D27 -> 2.91 | F39: =PRESUPUESTO!C27 -> M2 | G39: =PRESUPUESTO!E27 -> 99 | H39: =+E39*G39 -> 288.09 | I39: 1 | K39: =+SUM(I39:J39) -> 1
I40: =H39*I39 -> 288.09
B41: =PRESUPUESTO!A28 -> 15 | C41: =PRESUPUESTO!B28 -> SUMINISTRO E INSTALACION DE FREGADERO DE ACERO INOXIDABLE | E41: =PRESUPUESTO!D28 -> 1 | F41: =PRESUPUESTO!C28 -> U | G41: =PRESUPUESTO!E28 -> 155 | H41: =+E41*G41 -> 155 | I41: 1 | K41: =+SUM(I41:I41) -> 1
I42: =H41*I41 -> 155
B43: =PRESUPUESTO!A29 -> 16 | C43: =PRESUPUESTO!B29 -> PROVISIÓN E INSTALACIÓN DE TUMBADO FALSO DE PVC | E43: =PRESUPUESTO!D29 -> 51.75 | F43: =PRESUPUESTO!C29 -> M2 | G43: =PRESUPUESTO!E29 -> 25.2 | H43: =+E43*G43 -> 1304.1 | I43: 1 | K43: =+SUM(I43:I43) -> 1
I44: =H43*I43 -> 1304.1
B45: =PRESUPUESTO!A30 -> 17 | C45: =PRESUPUESTO!B30 -> DESINTALACION E INSTALACION DE PIEZAS SANITARIAS, INCLUYE LIMPIEZA DE LOS MISMOS Y CAMBIO DE HERRAJES | E45: =PRESUPUESTO!D30 -> 4 | F45: =PRESUPUESTO!C30 -> U | G45: =PRESUPUESTO!E30 -> 25 | H45: =+E45*G45 -> 100 | I45: 1 | K45: =+SUM(I45:I45) -> 1
I46: =H45*I45 -> 100
B47: =PRESUPUESTO!A31 -> 18 | C47: =PRESUPUESTO!B31 -> LOSETA DE HORMIGON ARMADO F´C 210KG/CM2 E= 5 CM PARA MESON | E47: =PRESUPUESTO!D31 -> 1.45 | F47: =PRESUPUESTO!C31 -> M2 | G47: =PRESUPUESTO!E31 -> 134.8 | H47: =+E47*G47 -> 195.46 | I47: 1 | K47: =+SUM(I47:J47) -> 1
I48: =H47*I47 -> 195.46
B49: =PRESUPUESTO!A32 -> 19 | C49: =PRESUPUESTO!B32 -> SUMINISTRO E INSTALACION DE PLANCHAS GYSUM PARA PAREDES CON ESTRUCTURA DRYWALL | E49: =PRESUPUESTO!D32 -> 35.84 | F49: =PRESUPUESTO!C32 -> M2 | G49: =PRESUPUESTO!E32 -> 36 | H49: =+E49*G49 -> 1290.24 | I49: 1 | K49: =+SUM(I49:J49) -> 1
I50: =H49*I49 -> 1290.24
B51: =PRESUPUESTO!A33 -> 20 | C51: =PRESUPUESTO!B33 -> SUMINISTRO E INSTALACION DE PUERTA CORREDIZA DE ALUMINIO EN MEDIDA 0.90X2.00 M | E51: =PRESUPUESTO!D33 -> 1 | F51: =PRESUPUESTO!C33 -> U | G51: =PRESUPUESTO!E33 -> 105 | H51: =+E51*G51 -> 105 | I51: 1 | K51: =+SUM(I51:J51) -> 1
I52: =H51*I51 -> 105
B53: =PRESUPUESTO!A34 -> 21 | C53: =PRESUPUESTO!B34 -> SUMINISTRO E INSTALACION DE PUERTA CORREDIZA DE ALUMINIO Y VIDRIO 0.80X2.00M | E53: =PRESUPUESTO!D34 -> 1 | F53: =PRESUPUESTO!C34 -> U | G53: =PRESUPUESTO!E34 -> 130.2 | H53: =+E53*G53 -> 130.2 | I53: 1 | K53: =+SUM(I53:J53) -> 1
I54: =H53*I53 -> 130.2
B55: =PRESUPUESTO!A35 -> 22 | C55: =PRESUPUESTO!B35 -> VENTANAS DE ALUMINIO Y VIDRIO | E55: =PRESUPUESTO!D35 -> 1.5 | F55: =PRESUPUESTO!C35 -> M2 | G55: =PRESUPUESTO!E35 -> 91.12 | H55: =+E55*G55 -> 136.68 | I55: 1 | K55: =+SUM(I55:J55) -> 1
I56: =H55*I55 -> 136.68
B57: =PRESUPUESTO!A36 -> 23 | C57: =PRESUPUESTO!B36 -> PUNTO DE LUZ DE 120 V | E57: =PRESUPUESTO!D36 -> 12 | F57: =PRESUPUESTO!C36 -> PTO | G57: =PRESUPUESTO!E36 -> 40 | H57: =+E57*G57 -> 480 | I57: 1 | K57: =+SUM(I57:J57) -> 1
I58: =H57*I57 -> 480
B59: =PRESUPUESTO!A37 -> 24 | C59: =PRESUPUESTO!B37 -> SUMINISTRO E INSTALACION DE LUMINARIA LED | E59: =PRESUPUESTO!D37 -> 12 | F59: =PRESUPUESTO!C37 -> U | G59: =PRESUPUESTO!E37 -> 30 | H59: =+E59*G59 -> 360 | I59: 1 | K59: =+SUM(I59:J59) -> 1
I60: =H59*I59 -> 360
B61: =PRESUPUESTO!A38 -> 25 | C61: =PRESUPUESTO!B38 -> PUNTO DE TOMACORRIENTE 120 V POLARIZADOS | E61: =PRESUPUESTO!D38 -> 10 | F61: =PRESUPUESTO!C38 -> PTO | G61: =PRESUPUESTO!E38 -> 47.8 | H61: =+E61*G61 -> 478 | I61: 1 | K61: =+SUM(I61:J61) -> 1
I62: =H61*I61 -> 478
B63: =PRESUPUESTO!A39 -> 26 | C63: =PRESUPUESTO!B39 -> PUNTO DE TOMACORRIENTE 220 V POLARIZADOS | E63: =PRESUPUESTO!D39 -> 2 | F63: =PRESUPUESTO!C39 -> PTO | G63: =PRESUPUESTO!E39 -> 55 | H63: =+E63*G63 -> 110 | I63: 1 | K63: =+SUM(I63:I63) -> 1
I64: =H63*I63 -> 110
B65: =PRESUPUESTO!A40 -> 27 | C65: =PRESUPUESTO!B40 -> SUMINISTRO E INSTALACION EN PANELES DE ALUMINIO COMPUESTO | E65: =PRESUPUESTO!D40 -> 52.2 | F65: =PRESUPUESTO!C40 -> M2 | G65: =PRESUPUESTO!E40 -> 100 | H65: =+E65*G65 -> 5220 | I65: 1 | K65: =+SUM(I65:J65) -> 1
I66: =H65*I65 -> 5220
B67: =PRESUPUESTO!A41 -> 28 | C67: =PRESUPUESTO!B41 -> SUMINISTRO E INSTALACION DE LAMPARAS DE EMERGENCIAS | E67: =PRESUPUESTO!D41 -> 3 | F67: =PRESUPUESTO!C41 -> U | G67: =PRESUPUESTO!E41 -> 63.05 | H67: =+E67*G67 -> 189.15 | I67: 1 | K67: =+SUM(I67:J67) -> 1
I68: =H67*I67 -> 189.15
B69: =PRESUPUESTO!A42 -> 29 | C69: =PRESUPUESTO!B42 -> SUMINISTRO E INSTALACION DE LETRAS CORPOREAS Y ESCUDO | E69: =PRESUPUESTO!D42 -> 1 | F69: =PRESUPUESTO!C42 -> U | G69: =PRESUPUESTO!E42 -> 2450.7 | H69: =+E69*G69 -> 2450.7 | I69: 1 | K69: =+SUM(I69:J69) -> 1
I70: =H69*I69 -> 2450.7
B71: =PRESUPUESTO!A43 -> 30 | C71: =PRESUPUESTO!B43 -> MANTENIMIENTO DE CANALON Y CAMBIO DE BAJANTE | E71: =PRESUPUESTO!D43 -> 1 | F71: =PRESUPUESTO!C43 -> U | G71: =PRESUPUESTO!E43 -> 104 | H71: =+E71*G71 -> 104 | I71: 1 | K71: =+SUM(I71:J71) -> 1
I72: =H71*I71 -> 104
B73: =PRESUPUESTO!A44 -> 31 | C73: =PRESUPUESTO!B44 -> DESINSTALACION DE PUERTAS DE MADERAS | E73: =PRESUPUESTO!D44 -> 4 | F73: =PRESUPUESTO!C44 -> U | G73: =PRESUPUESTO!E44 -> 10 | H73: =+E73*G73 -> 40 | I73: 1 | K73: =+SUM(I73:J73) -> 1
I74: =H73*I73 -> 40
B75: =PRESUPUESTO!A45 -> 32 | C75: =PRESUPUESTO!B45 -> CUADRADA DE BOQUETES EN PUERTAS | E75: =PRESUPUESTO!D45 -> 19 | F75: =PRESUPUESTO!C45 -> ML | G75: =PRESUPUESTO!E45 -> 16.5 | H75: =+E75*G75 -> 313.5 | I75: 1 | K75: =+SUM(I75:J75) -> 1
I76: =H75*I75 -> 313.5
B77: =PRESUPUESTO!A46 -> 33 | C77: =PRESUPUESTO!B46 -> MANTENIMIENTO E INSTALACION EN PUERTAS DE MADERAS (INCLUYE CAMBIO DE CHAPAS) | E77: =PRESUPUESTO!D46 -> 4 | F77: =PRESUPUESTO!C46 -> U | G77: =PRESUPUESTO!E46 -> 60 | H77: =+E77*G77 -> 240 | I77: 1 | K77: =+SUM(I77:J77) -> 1
I78: =H77*I77 -> 240
B79: =PRESUPUESTO!A47 -> 34 | C79: =PRESUPUESTO!B47 -> ESTRUCTURA DE HORMIGÓN ARMADO F´C 210KG/CM2 E=10CM PARA TANQUE ELEVADO (INCLUYE ELEVACIÓN DE DADO DE HORMIGÓN) | E79: =PRESUPUESTO!D47 -> 1 | F79: =PRESUPUESTO!C47 -> U | G79: =PRESUPUESTO!E47 -> 680 | H79: =+E79*G79 -> 680 | I79: 1 | K79: =+SUM(I79:J79) -> 1
I80: =H79*I79 -> 680
B81: =PRESUPUESTO!A48 -> 35 | C81: =PRESUPUESTO!B48 -> SUMINISTRO E INSTALACION DE TANQUE ELEVADO DE 2000 LITROS (INCLUYE ACCESORIOS Y CONEXIÓN A LINEA DE DISTRIBUCION ) | E81: =PRESUPUESTO!D48 -> 1 | F81: =PRESUPUESTO!C48 -> U | G81: =PRESUPUESTO!E48 -> 570 | H81: =+E81*G81 -> 570 | I81: 1 | K81: =+SUM(I81:J81) -> 1
I82: =H81*I81 -> 570
B83: =PRESUPUESTO!A49 -> 36 | C83: =PRESUPUESTO!B49 -> SUMINISTRO E INSTALACION DE BOMBA PERIFERICA DE 3/4" | E83: =PRESUPUESTO!D49 -> 1 | F83: =PRESUPUESTO!C49 -> U | G83: =PRESUPUESTO!E49 -> 169 | H83: =+E83*G83 -> 169 | I83: 1 | K83: =+SUM(I93:J93) -> 1
I84: =H83*I83 -> 169
B85: =PRESUPUESTO!A50 -> 37 | C85: =PRESUPUESTO!B50 -> SUMINISTRO E INSTALACION DE CASILLEROS | E85: =PRESUPUESTO!D50 -> 1 | F85: =PRESUPUESTO!C50 -> U | G85: =PRESUPUESTO!E50 -> 250 | H85: =+E85*G85 -> 250 | I85: 1
I86: =H85*I85 -> 250 | Q86: =17.01+10+10 -> 37.01
B87: =PRESUPUESTO!A51 -> 38 | C87: =PRESUPUESTO!B51 -> SUMINISTRO E INSTALACION DE ESCALERAS METALICAS | E87: =PRESUPUESTO!D51 -> 1 | F87: =PRESUPUESTO!C51 -> U | G87: =PRESUPUESTO!E51 -> 572 | H87: =+E87*G87 -> 572 | I87: 1 | Q87: =+Q86-55 -> -17.99
I88: =H87*I87 -> 572
B89: =PRESUPUESTO!A52 -> 39 | C89: =PRESUPUESTO!B52 -> PUNTOS DE AGUA POTABLE FRIA DE 1/2 | E89: =PRESUPUESTO!D52 -> 3 | F89: =PRESUPUESTO!C52 -> PTO | G89: =PRESUPUESTO!E52 -> 40 | H89: =+E89*G89 -> 120 | I89: 1
I90: =H89*I89 -> 120
B91: =PRESUPUESTO!A53 -> 40 | C91: =PRESUPUESTO!B53 -> SUMINISTRO E INSTALACION DE TAPIZ DE CAUCHO | E91: =PRESUPUESTO!D53 -> 1 | F91: =PRESUPUESTO!C53 -> U | G91: =PRESUPUESTO!E53 -> 150 | H91: =+E91*G91 -> 150 | I91: 1
I92: =H91*I91 -> 150
B93: =PRESUPUESTO!A54 -> 41 | C93: =PRESUPUESTO!B54 -> LIMPIEZA Y DESALOJO | E93: =PRESUPUESTO!D54 -> 1 | F93: =PRESUPUESTO!C54 -> U | G93: =PRESUPUESTO!E54 -> 60 | H93: =+E93*G93 -> 60 | I93: 1
I94: =H93*I93 -> 60
C95: MONTO PARCIAL | G95: TOTAL | H95: =+SUM(H13:H94) -> 24917.62 | I95: =SUM(I14,I16,I18,I20,I22,I24,I26,I28,I30,I32,I34,I36,I38,I40,I42,I44,I46,I48,I50,I52,I54,I56,I58,I60,I62,I64,I66,I68,I70,I72,I74,I76,I78,I80,I82,I84,I86,I88,I90,I92,I94) -> 24917.62
C96: MONTO ACUMULADO | I96: =+I95 -> 24917.62
C97: PORCENTAJE PARCIAL | I97: =+I95/$H$95 -> 1
C98: PORCENTAJE ACUMULADO | I98: =+I97 -> 1
C100: =FORMATO!C8 -> PAJAN, AGOSTO DE 2025
C101: Elaborado por : Revisión y Aprobación :

Sheet MATERIALES
C1: C | D1: D | E1: E | F1: G | G1: 25000
C2: LISTA DE MATERIALES A ABRIL DEL 2001
C3: COD. | D3: DESCRIPCION | E3: U. | F3: COSTO $
C4: ACERO EN BARRAS
B5: 1 | C5: 1010 | D5: Acero de refuerzo fy=4200 kg/cm2 | E5: kg | F5: 1.2
B6: =B5+1 -> 2 | C6: 1065 | D6: Viga ARMEX V1 St. | E6: ml | F6: 0.98
B7: =B6+1 -> 3 | C7: 1066 | D7: Viga ARMEX V2 St. | E7: ml | F7: 1.01
B8: =B7+1 -> 4 | C8: 1070 | D8: Malla electrosoldada de ,6 mm 10x10 | E8: m2 | F8: 5.2
B9: =B8+1 -> 5 | C9: 1080 | D9: Malla electro ARMEX R-188 (6.15) | E9: m2 | F9: 1.71
B10: =B9+1 -> 6 | C10: 1085 | D10: Malla M 10 15 (6.25x2.40) | E10: m2 | F10: 11.58
B11: =B10+1 -> 7 | C11: 1086 | D11: Malla electro corrugada 6,25 x 2,4 (6.15) | E11: kg | F11: 1.4
B12: =B11+1 -> 8 | C12: 1090 | D12: Varilla cuadrada 1/2" x 6ml | E12: u | F12: 9.41
B13: =B12+1 -> 9 | C13: 1095 | D13: Hierro redondo 1/2"x6ml lisox0.80mm. | E13: u | F13: 3.05
B14: =B13+1 -> 10 | C14: ALCANTARILLAS METALICAS | D14: Perfil de acero | E14: kg | F14: 1.25
B15: =B14+1 -> 11 | C15: 1501 | D15: Tub. met.encajable D=.91mts,e=2.0 | E15: ml. | F15: 16.89
B16: =B15+1 -> 12 | C16: 1502 | D16: Tub. met.encajable D=1.07m.,e=2.5 mm | E16: ml. | F16: 22.65
B17: =B16+1 -> 13 | C17: 1503 | D17: Tapa de Hierro Fundido D=24" | E17: pza | F17: 50
B18: =B17+1 -> 14 | C18: 1504 | D18: Cerco de Hierro Fundido D=24" | E18: pza | F18: 30
B19: =B18+1 -> 15 | C19: PERFILES ESTRUCTURALES
B20: =B19+1 -> 16 | C20: 2000 | D20: Angulos 20x20x2, 0.58 Kg/m, 6mts | E20: u | F20: 2.17 | G20: =0.45*0.58*6 -> 1.566
B21: =B20+1 -> 17 | C21: 2001 | D21: Angulos 20x20x3, 0.83 Kg/m, 6mts | E21: u | F21: 2.87
B22: =B21+1 -> 18 | C22: 2002 | D22: Angulos 25x25x2, 0.73 Kg/m, 6mts | E22: u | F22: 2.55
B23: =B22+1 -> 19 | C23: 2003 | D23: Angulos 25x25x3, 1.06 Kg/m, 6mts | E23: u | F23: 8.79
B24: =B23+1 -> 20 | C24: 2004 | D24: Angulos 30x30x2, 0.89 Kg/m, 6 mts | E24: u | F24: 8.86
B25: =B24+1 -> 21 | C25: 2005 | D25: Angulos 30x30x3, 1.3 Kg/m, 6 mts | E25: u | F25: 12.08
B26: =B25+1 -> 22 | C26: 2006 | D26: Angulos 30x30x4, 1.68 Kg/m, 6 mts. | E26: u | F26: 5.85
B27: =B26+1 -> 23 | C27: 2007 | D27: Angulos 40x40x2, 1.20 Kg/m, 6 mts. | E27: u | F27: 5.99
B28: =B27+1 -> 24 | C28: 2008 | D28: Angulos 40x40x3, 1.77 Kg/m, 6 mts. | E28: u | F28: 6.98
B29: =B28+1 -> 25 | C29: 2009 | D29: Angulos 40x40x4, 2.31 Kg/m, 6 mts. | E29: u | F29: 7.88
B30: =B29+1 -> 26 | C30: 2010 | D30: Angulos 40x40x5, 2.82 Kg/m, 6 mts. | E30: u | F30: 12.25
B31: =B30+1 -> 27 | C31: 2011 | D31: Angulos 50x50x2, 1.52 Kg/m, 6 mts | E31: u | F31: 10.12
B32: =B31+1 -> 28 | C32: 2012 | D32: Angulos 50x50x3, 2.24 Kg/m, 6 mts | E32: u | F32: 7.96
... B81: =B80+1 -> 77 | C81: 2224 | D81: Plancha 1/32"x 0.75,negra | E81: u | F81: 8.41
B82: =B81+1 -> 78 | C82: ALUMINIO Y VIDRIO
B83: =B82+1 -> 79 | C83: 3005 | D83: Vidrio Claro de 2mm. (importado) | E83: m2 | F83: 7.86
B84: =B83+1 -> 80 | C84: 3006 | D84: Vidrio Claro de 3mm.(importado) | E84: m2 | F84: 8.54
B85: =B84+1 -> 81 | C85: 3007 | D85: Vidrio Claro de 4mm (importado) | E85: m2 | F85: 12.58
B86: =B85+1 -> 82 | C86: 3008 | D86: Vidrio Claro de 5mm.(importado) | E86: m2 | F86: 11.89
B87: =B86+1 -> 83 | C87: 3009 | D87: Vidrio Claro de 6mm.(importado) | E87: m2 | F87: 7.59
B88: =B87+1 -> 84 | C88: 3010 | D88: Vidrio Bronce de 4mm.(importado) | E88: m2 | F88: 10.28
B89: =B88+1 -> 85 | C89: 3011 | D89: Vidrio Bronce de 5mm.(importado) | E89: m2 | F89: 14.98
B90: =B89+1 -> 86 | C90: 3012 | D90: Puerta corrediza(4m2) 2 hojas PC | E90: m2 | F90: 55.98
B91: =B90+1 -> 87 | C91: 3013 | D91: Puerta corr.(4m2) 2 hojas color | E91: m2 | F91: 69.54
B92: =B91+1 -> 88 | C92: 3014 | D92: Puerta de baño(2.25m2).nat.panor. | E92: m2 | F92: 40.21
B93: =B92+1 -> 89 | C93: 3015 | D93: Ventana corrediza de Al/Vd. nat. malla | E93: m2 | F93: 48.5
B94: =B93+1 -> 90 | C94: 3016 | D94: Vent. corr. Al/Vid color malla | E94: m2 | F94: 59.92 | G94: =1.4*1.2*60 -> 100.8
B95: =B94+1 -> 91 | C95: 3017 | D95: Ventana Celosía Al/Vd natural | E95: m2 | F95: 48.12
B96: =B95+1 -> 92 | C96: 3018 | D96: Ventana fija (1m2) | E96: m2 | F96: 38.45
B97: =B96+1 -> 93 | C97: 3019 | D97: Base (ventana celosía) Alum.natural | E97: ml | F97: 2.1
B98: =B97+1 -> 94 | C98: 3020 | D98: Cabezal(ventana celosía) | E98: ml | F98: 1.94688
B99: =B98+1 -> 95 | C99: 3021 | D99: Barra operadora(Vent.Alum.y Vid.) | E99: ml | F99: 0.627328
B100: =B99+1 -> 96 | C100: 3022 | D100: Vidrio Cortado 4mm(ventana celosía) | E100: m2 | F100: 9.51808
B101: =B100+1 -> 97 | C101: 3023 | D101: Operador manual (vent. celosía) | E101: u | F101: 1.872
B102: =B101+1 -> 98 | C102: 3024 | D102: Remaches (ventana celosía) | E102: u | F102: 0.02
B103: =B102+1 -> 99 | C103: Ventana Corrediza
B104: =B103+1 -> 100 | C104: 3025 | D104: Horizontal de hoja standard nat. 6,40 mts. | E104: u | F104: 8.83
B105: =B104+1 -> 101 | C105: 3026 | D105: Vertical abierto standar nat. 6,40 mts. | E105: u | F105: 10.49
B106: =B105+1 -> 102 | C106: 3027 | D106: Malla corrediza standard 6,40 mts. | E106: u | F106: 7
B107: =B106+1 -> 103 | C107: 3028 | D107: Vertical cerrado standard nat. 6,40 mts. | E107: u | F107: 12.21
B108: =B107+1 -> 104 | C108: 3029 | D108: Jamba marco económico nat. 6,40 mts. | E108: u | F108: 11.58
B109: =B108+1 -> 105 | C109: 3030 | D109: Riel superior de tres aletas nat. 6,40 mts. | E109: u | F109: 11.47
B110: =B109+1 -> 106 | C110: 3031 | D110: Riel inferior económico nat. 6,40 mts | E110: u | F110: 11.81
B111: =B110+1 -> 107 | C111: 3032 | D111: Riel Sup. e Inf. standard nat. 6,40 mts. | E111: u | F111: 11.81
B112: =B111+1 -> 108 | C112: 3033 | D112: Vertical abierto económico nat. 6,40 mts. | E112: u | F112: 7.34
B113: =B112+1 -> 109 | C113: 3034 | D113: Horizontal de hoja económico nat. 6,40 mts. | E113: u | F113: 10.44
B114: =B113+1 -> 110 | C114: 3035 | D114: Jamba marco standard nat. 6,40 mts. | E114: u | F114: 12.33
B115: =B114+1 -> 111 | C115: 3036 | D115: Vertical cerrado económico nat. 6,40 mts. | E115: u | F115: 11.12
B116: =B115+1 -> 112 | C116: 3037 | D116: Malla corrediza económica nat. 6,40 mts. (perfil) | E116: u | F116: 5.28
B117: =B116+1 -> 113 | C117: Ventana Corrediza (Redonda)
B118: =B117+1 -> 114 | C118: 3040 | D118: Riel nat. 6,40 mts. | E118: u | F118: 11.81
B119: =B118+1 -> 115 | C119: 3041 | D119: Vertical redondo nat. 6,40 mts. | E119: u | F119: 10.04
B120: =B119+1 -> 116 | C120: 3042 | D120: Horizontal redondo nat. 6,40 mts. | E120: u | F120: 11.01
B121: =B120+1 -> 117 | C121: 3043 | D121: Jamba Marco nat. 6,40 mts. | E121: u | F121: 12.33
B122: =B121+1 -> 118 | C122: Ventana Corrediza (Pesada)
B123: =B122+1 -> 119 | C123: 3045 | D123: Adaptador nat. 6,40 mts. | E123: u | F123: 6.25
B124: =B123+1 -> 120 | C124: 3046 | D124: Vertical cerrado nat. 6,40 mts. | E124: u | F124: 13.88
B125: =B124+1 -> 121 | C125: 3047 | D125: Vertical abierto nat. 6,40 mts. | E125: u | F125: 11.53
B126: =B125+1 -> 122 | C126: 3048 | D126: Jamba Marco nat. 6,40 mts. | E126: u | F126: 14.16
B127: =B126+1 -> 123 | C127: 3049 | D127: Horizontal nat. 6,40 mts. | E127: u | F127: 16.34
B128: =B127+1 -> 124 | C128: 3050 | D128: Riel nat. 6,40 mts. | E128: u | F128: 15.2
B129: =B128+1 -> 125 | C129: Ventana Celosia
B130: =B129+1 -> 126 | C130: 3055 | D130: Barra operadora standard nat. 6,40 mts. | E130: u | F130: 2.7
B131: =B130+1 -> 127 | C131: 3056 | D131: Malla fija con bisel standard nat. 6,40 mts. | E131: u | F131: 5.1
B132: =B131+1 -> 128 | C132: 3057 | D132: Cabezal celosia nat. 6,40 mts. | E132: u | F132: 10.09
B133: =B132+1 -> 129 | C133: 3058 | D133: Barra operadora económica nat. 6,40 mts. | E133: u | F133: 1.84
B134: =B133+1 -> 130 | C134: 3059 | D134: Jamba sencilla celosia nat. 6,40 mts. | E134: u | F134: 13.71
B135: =B134+1 -> 131 | C135: 3060 | D135: Base celosia nat. 6,40 mts. | E135: u | F135: 10.09
B136: =B135+1 -> 132 | C136: 3061 | D136: Malla fija económica nat. 6,40 mts.(perfil) | E136: u | F136: 2.47
B137: =B136+1 -> 133 | C137: Ventana Fija
B138: =B137+1 -> 134 | C138: 3065 | D138: Junquillo v. fijo sin felpero nat. 6,40 mts. | E138: u | F138: 3.78
B139: =B138+1 -> 135 | C139: 3066 | D139: Mullon standard (unión) nat. 6,40 mts. | E139: u | F139: 5.96
B140: =B139+1 -> 136 | C140: 3068 | D140: Horizontal vid. fijo standard nat. 6,40 mts. | E140: u | F140: 8.43
B141: =B140+1 -> 137 | C141: 3069 | D141: Vertical vidrio fijo standard nat. 6,40 mts. | E141: u | F141: 7.57
B142: =B141+1 -> 138 | C142: 3070 | D142: Horizontal vid.fijo económ. nat. 6,40 mts. | E142: u | F142: 7.58
B143: =B142+1 -> 139 | C143: 3071 | D143: Vertical vid. fijo económico nat.6,40 mts. | E143: u | F143: 6.98
B144: =B143+1 -> 140 | C144: 3072 | D144: Horizont.vid. fijo stand.alivianada 6,40 mts. | E144: u | F144: 10.44
B145: =B144+1 -> 141 | C145: 3073 | D145: Vertical vid.fijo stand.alivianada 6,40 mts. | E145: u | F145: 11.01
B146: =B145+1 -> 142 | C146: 3074 | D146: Junquillo v. fijo c/felpero aliv. nat.6,40 mts. | E146: u | F146: 4.59
B147: =B146+1 -> 143 | C147: Ventana Proyectable
B148: =B147+1 -> 144 | C148: 3075 | D148: Marco doble vent. proyectable nat. 6,40 mts | E148: u | F148: 20.36
...

Sheet MANO DE OBRA
A1: A | B1: B | C1: C | D1: D | E1: E | F1: F | M1: FORMULARIO No.
E2: OTROS | F2: JORNAL REAL | J2: OFERENTE:
E3: BENEFICIOS | F3: HORA
T4: HOJA 1 DE 1
A5: 1 | B5: CAT. I | C5: Peon (estr.ocp. E2) | E5: =ROUND(D5*$C$2,3)*#REF! -> #REF! | F5: =V33 -> 4.23
A6: 2 | B6: CAT. II | C6: Ayudante (estr.ocp. E2) cat.II | E6: =ROUND(D6*$C$2,3)*#REF! -> #REF! | F6: =U33 -> 4.23 | J6: ANALISIS DE PRECIOS UNITARIOS . CUADRO AUXILIAR: COSTOS DE MANO DE OBRA ( en US Dolares)
A7: 3 | B7: CAT. III | C7: Albañil (estr.ocp. D2) cat III | E7: =ROUND(D7*$C$2,3)*#REF! -> #REF! | F7: =T33 -> 4.28
A8: 4 | B8: CAT. III | C8: Carpintero (estr.ocp. D2) cat III | E8: =ROUND(D8*$C$2,3)*#REF! -> #REF! | F8: =T33 -> 4.28 | L8: EST.OCP. C2 | M8: ESTR.OCP.C1 | N8: ESTR.OCP.C2 | P8: ESTR.OCP.C1 | Q8: ESTR.OCP.D2 | R8: ESTR.OCP.C1 | S8: ESTR.OCP.C2 | T8: ESTR.OCP.D2 | U8: ESTR.OCP.E2 | V8: ESTR.OCP. E2 | AA8: =95.1+10 -> 105.1 | AB8: =92.53+10 -> 102.53 | AC8: =91.32+10 -> 101.32 | AD8: =89.7+10 -> 99.7
A9: 5 | B9: CAT. III | C9: Fierrero (estr.ocp. D2) cat III | E9: =ROUND(D9*$C$2,3)*#REF! -> #REF! | F9: =T33 -> 4.28 | J9: CATEGORIA/CARGO | L9: TOPOGRAFO | M9: OPERADORES | N9: OPERADORES | O9: CHOFER | P9: MECANICOS | Q9: SIN TITULO | T9: CAT (III) | U9: CAT (II) | V9: CAT (I)
A10: 6 | B10: CAT. III | C10: Pintor (estr.ocp. D2) cat.III | E10: =ROUND(D10*$C$2,3)*#REF! -> #REF! | F10: =T33 -> 4.28 | M10: OP.I | N10: OP.II | O10: "E" | P10: SOLDADOR | Q10: AYUD. MEC.
A11: 7 | B11: CAT. III | C11: Electricista (estr.ocp. D2) cat.III | E11: =ROUND(D11*$C$2,3)*#REF! -> #REF! | F11: =T33 -> 4.28 | M11: RETROEXCAVADORA | N11: RODILLO LISO | O11: VOLQUETE | R11: MAESTRO | S11: TECNICO OBRAS | T11: ALBANIL | U11: AYUDANTE | V11: PEON
A12: 8 | B12: CAT. III | C12: Plomero (estr.ocp. D2) catIII | E12: =ROUND(D12*$C$2,3)*#REF! -> #REF! | F12: =T33 -> 4.28 | M12: MOTONIVELADORA | N12: RODILLO NEUMATICO | R12: MAYOR | S12: CIVILES | T12: CARPINTERO | U12: GUARDIAN
A13: 9 | B13: CAT. III | C13: Instalador (estr.ocp. D2) cat.III | E13: =ROUND(D13*$C$2,3)*#REF! -> #REF! | F13: =T33 -> 4.28 | M13: TRACTOR | N13: FINISHER | R13: MAESTRO | T13: PINTOR
A14: 10 | B14: CAT. III | C14: Techador (estr.ocp. D2) cat.III | E14: =ROUND(D14*$C$2,3)*#REF! -> #REF! | F14: =T33 -> 4.28 | M14: EXCAVADORA | N14: DISTRIB. ASFALTO | R14: ELECTRICISTA | T14: PLOMERO
A15: 11 | B15: CAT. IV | C15: Maestro (estr.ocp. C1) | E15: =ROUND(D15*$C$2,3)*#REF! -> #REF! | F15: =R33 -> 4.75 | M15: GRUA | N15: COMPRESOR | T15: ELECTRICISTA
A16: 12 | B16: OP. I | C16: OP. Retroexcavadora | E16: =ROUND(D16*$C$2,3)*#REF! -> #REF! | F16: =M33 -> 4.75 | T16: INSTALADOR
A17: 13 | B17: OP. I | C17: OP. Motoniveladora | E17: =ROUND(D17*$C$2,3)*#REF! -> #REF! | F17: =M33 -> 4.75
A18: 14 | B18: OP. I | C18: OP. Excavadora/Motoniveladora | E18: =ROUND(D18*$C$2,3)*#REF! -> #REF! | F18: =M33 -> 4.75 | J18: SALARIO DIARIO UNIFICADO NOMINAL | L18: 18.154667 | M18: 18.154667 | N18: 17.231333 | O18: 24.081333 | P18: 18.154667 | Q18: 16.283333 | R18: 18.154667 | S18: 17.231333 | T18: 16.283333 | U18: 16.074 | V18: 16.074
A19: 15 | B19: OP. I | C19: OP. Tractor / Grua | E19: =ROUND(D19*$C$2,3)*#REF! -> #REF! | F19: =+M33 -> 4.75 | J19: MENSUAL NOMINAL (2) | L19: 544.64 | M19: 544.64 | N19: 516.94 | O19: 722.44 | P19: 544.64 | Q19: 488.5 | R19: 544.64 | S19: 516.94 | T19: 488.5 | U19: 482.22 | V19: 482.22
A20: 16 | B20: OP. I | C20: Operador I | E20: =ROUND(D20*$C$2,3)*#REF! -> #REF! | F20: =+M33 -> 4.75 | J20: ANUAL NOMINAL | L20: 6535.68 | M20: 6535.68 | N20: 6203.28 | O20: 8669.28 | P20: 6535.68 | Q20: 5862 | R20: 6535.68 | S20: 6203.28 | T20: 5862 | U20: 5786.64 | V20: 5786.64
A21: 17 | B21: OP. I | C21: OP. Cargadora Frontal | E21: =ROUND(D21*$C$2,3)*#REF! -> #REF! | F21: =+M33 -> 4.75 | J21: COMPENSACION SALARIAL EN PROCESO DE INCORPORACION | L21: 0 | M21: 0 | N21: 0 | O21: 0 | P21: 0 | Q21: 0 | R21: 0 | S21: 0 | T21: 0 | U21: 0 | V21: 0 | AA21: 163 | AB21: =((564000+500000+50000+70500+750000)/25000)+8+21 -> 106.38 | AC21: =((346000+500000+43250+50000+750000)/25000)+8+21 -> 96.57 | AD21: =((298000+500000+50000+37250+750000)/25000)+8+21 -> 94.41 | AE21: =((380000+47500+500000+50000+750000)/25000)+8+21+10 -> 108.1 | AF21: =((297000+500000+50000+37125+750000)/25000)+8+21+10 -> 104.365 | AG21: =((270000+500000+50000+33750+750000)/25000)+8+21+10 -> 103.15 | AH21: =((234000+500000+50000+29250+750000)/25000)+8+21+10 -> 101.53
A22: 18 | B22: OP. II | C22: OP. Rodillo | E22: =ROUND(D22*$C$2,3)*#REF! -> #REF! | F22: =$N$33 -> 4.52 | J22: TRANSPORTE | L22: 0 | M22: 0 | N22: 0 | O22: 0 | P22: 0 | Q22: 0 | R22: 0 | S22: 0 | T22: 0 | U22: 0 | V22: 0
A23: 19 | B23: OP. II | C23: OP. Martillo Neomatico | E23: =ROUND(D23*$C$2,3)*#REF! -> #REF! | F23: =$N$33 -> 4.52 | J23: 13 er SUELDO | L23: 544.64 | M23: 544.64 | N23: 516.94 | O23: 722.44 | P23: 544.64 | Q23: 488.5 | R23: 544.64 | S23: 516.94 | T23: 488.5 | U23: 482.22 | V23: 482.22
A24: 20 | B24: OP. II | C24: OP. Compresor | E24: =ROUND(D24*$C$2,3)*#REF! -> #REF! | F24: =$N$33 -> 4.52 | J24: 14 to SUELDO | L24: 470 | M24: 470 | N24: 470 | O24: 470 | P24: 470 | Q24: 470 | R24: 470 | S24: 470 | T24: 470 | U24: 470 | V24: 470
A25: 21 | B25: OP. II | C25: OP. Escoba, Finisher | E25: =ROUND(D25*$C$2,3)*#REF! -> #REF! | F25: =$N$33 -> 4.52 | J25: APORTE PATRONAL | L25: 794.08 | M25: 794.08 | N25: 753.69 | O25: 1053.31 | P25: 794.08 | Q25: 712.23 | R25: 794.08 | S25: 753.69 | T25: 712.22812 | U25: 703.07 | V25: 703.07
A26: 22 | B26: TOPG. I | C26: Topografo | E26: =ROUND(D26*$C$2,3)*#REF! -> #REF! | F26: =L33 -> 4.75 | J26: FONDO DE RESERVA | L26: 544.64 | M26: 544.64 | N26: 516.94 | O26: 722.44 | P26: 544.64 | Q26: 488.5 | R26: 544.64 | S26: 516.94 | T26: 488.5 | U26: 482.22 | V26: 482.22
A27: 23 | B27: CAD. | C27: Cadenero | E27: =ROUND(D27*$C$2,3)*#REF! -> #REF! | F27: =$T$33 -> 4.28 | L27: 0 | M27: 0 | N27: 0 | O27: 0 | P27: 0 | Q27: 0 | R27: 0 | S27: 0 | T27: 0 | U27: 0 | V27: 0 | AA27: =ROUND(AA20/24,2) -> 0 | AB27: =ROUND(AB20/24,2) -> 0 | AC27: =ROUND(AC20/24,2) -> 0 | AD27: =ROUND(AD20/24,2) -> 0
A28: 24 | B28: MEC. I | C28: Soldador ( estr.ocp. C1) | E28: =ROUND(D28*$C$2,3)*#REF! -> #REF! | F28: =P33 -> 4.75 | J28: OTROS CODIGOS DE TRABAJO | L28: 0 | M28: 0 | N28: 0 | O28: 0 | P28: 0 | Q28: 0 | R28: 0 | S28: 0 | T28: 0 | U28: 0 | V28: 0
A29: 25 | B29: AY. MEC. | C29: Ayudante Mec. | E29: =ROUND(D29*$C$2,3)*#REF! -> #REF! | F29: =Q33 -> 4.28 | J29: TOTAL ANUAL | L29: 8889.04 | M29: 8889.04 | N29: 8460.85 | O29: 11637.47 | P29: 8889.04 | Q29: 8021.23 | R29: 8889.04 | S29: 8460.85 | T29: 8021.23 | U29: 7924.15 | V29: 7924.15
A30: 26 | B30: CHOF. I | C30: Chofer I | E30: =ROUND(D30*$C$2,3)*#REF! -> #REF! | F30: =O33 -> 6.22 | J30: TOTAL MENSUAL | L30: 740.75 | M30: 740.75 | N30: 705.07 | O30: 969.79 | P30: 740.75 | Q30: 668.44 | R30: 740.75 | S30: 705.07 | T30: 668.44 | U30: 660.35 | V30: 660.35
A31: 27 | B31: CHOF. II | C31: Chofer tipo E | E31: =ROUND(D31*$C$2,3)*#REF! -> #REF! | F31: =O33 -> 6.22 | J31: FACTOR DE SALARIO REAL | L31: 2.11 | M31: 2.11 | N31: 2.11 | O31: 2.11 | P31: 2.11 | Q31: 2.11 | R31: 2.11 | S31: 2.11 | T31: 2.11 | U31: 2.11 | V31: 2.1
A32: 28 | B32: CHOF. III | C32: Chofer III | E32: =ROUND(D32*$C$2,3)*#REF! -> #REF! | F32: =O33 -> 6.22 | J32: MENSUAL REAL | L32: 1149.19 | M32: 1149.19 | N32: 1090.74 | O32: 1524.35 | P32: 1149.19 | Q32: 1030.74 | R32: 1149.19 | S32: 1090.74 | T32: 1030.74 | U32: 1017.48 | V32: 1012.66
A33: 29 | B33: CAT. V | C33: Maestro (estr.ocp. C1) | E33: =ROUND(D33*$C$2,3)*#REF! -> #REF! | F33: =R33 -> 4.75 | J33: COSTO HORARIO | L33: 4.75 | M33: 4.75 | N33: 4.52 | O33: 6.22 | P33: 4.75 | Q33: 4.28 | R33: 4.75 | S33: 4.52 | T33: 4.28 | U33: 4.23 | V33: 4.23
A34: 30
A35: 31
A36: 32
A37: 33 | Q37: ºº
A38: !! NO LLENAR ESTA FILA !!
K39: =FORMATO!$C$8 -> PAJAN, AGOSTO DE 2025
A40: TRANSPORTE | D40: D.M.T. | E40: M3 Ton/Km | F40: COSTO
A41: 1 | B41: m3/km | C41: transporte de material petreo | F41: 0.25
A42: 2 | B42: u/km | C42: transporte de madera | F42: 0.03
A43: 3 | B43: kg/km | C43: transporte de cemento | F43: 0.007 | J43: =F6*8 -> 33.84
A44: 4 | B44: kg/km | C44: transporte del acero de refuerzo | F44: 0.011
A45: 5 | B45: u/km | C45: transporte de bloque | F45: 0.08 | S45: =FORMATO!$H$4 -> FIRMA
A46: 6 | B46: gl/km | C46: tfransporte de pintura | F46: 0.428
A47: 7 | B47: m2/km | C47: transporte de ceramica | F47: 0.571
A48: 8 | B48: m2/km | C48: transporte de porcelanato | F48: 0.571
A49: 9 | B49: saco/km | C49: transporte de bondex | F49: 0.14
A50: 10 | B50: kg/km | C50: transporte de porcelana | F50: 0.007
A51: 11 | B51: u/km | C51: transporte de tuberia emt | F51: 0.3
A52: 12 | B52: ml/km | C52: transporte de alambre cu | F52: 0.2
A53: 13 | B53: ml/km | C53: transporte de tuberiade 1/2 roscb | F53: 0.042
A54: 14 | B54: ml/km | C54: transporte de tuberia pvc | F54: 0.042
A55: 15 | B55: u/km | C55: transporte de cubierta | F55: 0.025
A56: 16 | C56: transporte de maquinaria pesada | F56: 0.3
A57: 17 | B57: u/km | C57: transporte de Perfiles | F57: 0.011
A58: 18 | B58: u/km | C58: transporte de Placa estructural | F58: 0.011
A59: 19 | B59: m3/km | C59: transporte varios | F59: 0.25
A60: !! NO LLENAR ESTA FILA !!

Sheet FORMATO
B1: B | C1: C
B2: GANADOR
B3: CUADRO DE CANTIDADES Y PRECIOS
A4: 2 | B4: RUBRO: | G4: FIRMA= | H4: FIRMA | P4: OFERENTE : | U4: FORMULARIO No.
A5: 3 | B5: ELABORADO: | J5: OBRA: CONSTRUCCION DE CUARTEL DE BOMBEROS - UBICACIÓN: CERECITA | U5: HOJA 1 DE 1
B6: UNIDAD | J6: . | R6: =$C$9 -> MANTENIMIENTO INTEGRAL DE LA COMPAÑIA DE CUERPO DE BOMBERO CASCOL PERTENECIENTE AL CANTON PAJAN
B7: REND.
A8: 5 | B8: FECHA: | C8: PAJAN, AGOSTO DE 2025 | P8: ANALISIS DE PRECIOS UNITARIOS. CUADRO AUXILIAR: COSTOS INDIRECTOS Y UTILIDAD
B9: PROYECTO: | C9: MANTENIMIENTO INTEGRAL DE LA COMPAÑIA DE CUERPO DE BOMBERO CASCOL PERTENECIENTE AL CANTON PAJAN
B10: DETALLE: | C10: CANTON PAJAN
B11: DESCRIPCION | C11: UN. | D11: CANT. | E11: P.UNIT | F11: P.TOTAL
U12: OBSERVACION
B13: PRESUPUESTO OFERTADO | J13: ANÁLISIS DE PRECIOS UNITARIOS | P13: No. | Q13: COMPONENTES DEL COSTO INDIRECTO | T13: VALOR
B14: OFERTANTE: | C14: jose juaquin | J14: ITEM
B15: PROYECTO: | J15: UNIDAD
B16: UBICACIÓN: | J16: REND. | Q16: Dirección de obra | T16: =T$33*X16 -> #REF! | U16: 3 | X16: =3/15 -> 0.2 | AJ16: Dirección de obra
B17: FECHA: | C17: Pedro Carbo Agosto 2024 | Q17: Administrativos | T17: =T$33*X17 -> #REF! | U17: 4 | X17: =4/15 -> 0.26666667 | AJ17: Administrativos
B18: RUBRO: | J18: PRECIO SIN IVA | Q18: Locales provisionales | T18: =U18*#REF!/100 -> #REF! | U18: 0 | AJ18: Locales provisionales
B19: DESCRIPCION: | Q19: Vehículos | T19: =U19*#REF!/100 -> #REF! | U19: 0 | AJ19: Vehículos
B20: DESCRIPCION | C20: U. | D20: CANTIDAD | E20: COSTO U. | F20: COSTO T. | Q20: Servicios públicos | T20: =U20*#REF!/100 -> #REF! | U20: 0 | AJ20: Servicios públicos
Q21: Promoción | T21: =U21*#REF!/100 -> #REF! | U21: 0 | AJ21: Promoción
B22: Presupuesto | Q22: Garantías | T22: =U22*#REF!/100 -> #REF! | U22: 0 | AJ22: Garantías
B23: Obra: | Q23: Seguros | T23: =T$33*X23 -> #REF! | U23: 1 | X23: =1/15 -> 0.066666667 | AJ23: Seguros
B24: Ofertante: | C24: jose juaquim | Q24: Costos financieros | T24: =T$33*X24 -> #REF! | U24: 1.5 | X24: =1.5/15 -> 0.1 | AJ24: Costos financieros
B25: Lugar: | Q25: Prevención de accidentes | T25: =T$33*X25 -> #REF! | U25: 0.5 | X25: =0.5/15 -> 0.033333333 | AJ25: Prevención de accidentes
B26: Fecha:
AJ27: Utilidad
AJ28: Total de indirectos
B30: Descripción: | Q30: Utilidad | T30: =T$33*X30 -> #REF! | U30: 5 | X30: =5/15 -> 0.33333333
B31: Descripción | C31: U. | D31: Cantidad | E31: P. Unitario | F31: P. Total
Q32: TOTAL COSTO INDIRECTO Y UTILIDAD | T32: =SUM(T16:T30) -> #REF! | U32: =SUM(U16:U30) -> 15 | X32: =SUM(X16:X30) -> 1
T33: =T57 -> #REF!
Q34: TOTAL COSTO DIRECTOS | T34: =T59 -> #REF!
Q35: FACTOR (PORCENTAJE) % | T35: =T32/T34 -> #REF!
A36: 8
B37: INDIRECTO: | C37: 0.2
Q38: =C8 -> PAJAN, AGOSTO DE 2025
B40: DESGLOSE DE COSTOS INDIRECTOS
B42: Descripción | E42: %
B44: Gastos Finacieros | E44: 0.15
B45: Imprevistos | E45: 0 | T45: =H4 -> FIRMA
B46: Desperdicio | E46: 0
E47: 0 | H47: Ing. Freddy Sanchez Villacrés Ing. Diego Garcia Agua
E48: 0 | H48: DIRECTOR DE PLANIFICACIÓN Y DESARROLLO TERRITORIAL DIRECTOR DE OBRAS PUBLICAS
E49: 0
E50: 0
E51: 0 | H51: Ing. Freddy Sanchez Villacrés
E52: 0 | H52: DIRECTOR DE PLANIFICACIÓN Y DESARROLLO TERRITORIAL
E53: 0
E54: 0
B55: Utilidad | E55: 0 | G55: 5
B56: Total: | E56: =SUM(E44:E55) -> 0.15 | H56: DIRECTOR DE PLANIFICACIÓN Y DESARROLLO TERRITORIAL JEFE DE PROYECTOS, DISEÑOS Y TOPOGRAFIA | T56: =#REF! -> #REF!
T57: =T56-(T56/1.15) -> #REF!
T59: =(T56-T57) -> #REF!
T60: =T59*0.25 -> #REF!
